 Dungeon Crawl Stone Soup version 0.29.1-1-gd02db6906a (webtiles) character file.

Game seed: 7284908860388787769

1429994 sleeves the Impregnable (level 27, 201/201 HPs)
             Began as a Demonspawn Cinder Acolyte on Sept 30, 2022.
             Was the Champion of Makhleb.
             Escaped with the Orb
             ... and 3 runes!
             The game lasted 04:35:38 (108850 turns).

sleeves the Impregnable (DsCA)                    Turns: 108850, Time: 04:35:38

Health: 201/201    AC: 40    Str: 23    XL:     27
Magic:  47/47      EV: 11    Int: 24    God:    Makhleb [******]
Gold:   4605       SH: 19    Dex:  9    Spells: 26/49 levels left

rFire   + + .      SeeInvis +   b - +9 demon trident (vorpal)
rCold   + + +      Faith    .   O - +2 kite shield {reflect} {Donald}
rNeg    + . .      Spirit   .   D - +8 gold dragon scales
rPois   +          Reflect  +   q - +1 helmet
rElec   +          Harm     .   h - +0 cloak {rCorr}
rCorr   +          Rampage  .   (gloves unavailable)
Will    +++..                   P - +2 pair of boots of the Solstice {rF++}
Stlth   ..........              s - amulet of reflection
HPRegen 0.43/turn               z - ring "Daesagups" {rElec rC++ rN+ MP+9 Stlth-}
MPRegen 0.30/turn               l - ring of Qolla {rF- rC+ Int+5 SInv Stlth+}

@: studying 2 skills
A: hurl damnation, ignite blood 3, spiny 3, torment resistance 1, sturdy frame
3, demonic willpower, demonic touch 3, frail 1, weak 1, no potion heal 1,
MP-powered wands
0: Orb of Zot
}: 3/15 runes: barnacled, slimy, gossamer
a: Hurl Damnation, Renounce Religion, Minor Destruction, Lesser Servant of
Makhleb, Major Destruction, Greater Servant of Makhleb


You escaped.
You worshipped Makhleb.
Makhleb was exalted by your worship.
You visited 12 branches of the dungeon, and saw 55 of its levels.
You also visited: Trove, Sewer, Gauntlet, Ice Cave, Wizlab and Desolation.

You collected 10279 gold pieces.
You spent 5674 gold pieces at shops.

Inventory:

Hand Weapons
 a - a +9 demon trident of freezing
   (You found it in a Gauntlet)
 b - a +9 vorpal demon trident (weapon)
   (You took it off Mara on level 3 of the Vaults)
 E - a +3 vampiric demon trident
   (You found it on level 5 of the Pits of Slime)
Missiles
 d - 18 boomerangs (quivered)
 i - 17 silver javelins
 m - 3 boomerangs of dispersal
 r - 4 javelins
 S - 6 throwing nets
Armour
 e - the +4 chain mail of Kikubaaqudgha's Regard {rC+ Will++ Stlth+}
   (You found it on level 4 of the Vaults)

   rC:        It protects you from cold.
   Will:      It greatly increases your willpower.
   Stlth:     It makes you more stealthy.
 g - the +12 fire dragon scales of Faero {rF++ rC- MP+9}
   (You bought it in a shop on level 3 of the Depths)

   rF:        It greatly protects you from fire.
   rC:        It makes you vulnerable to cold.
   MP:        It affects your magic capacity (+9).
 h - a +0 cloak of preservation (worn)
   (You found it in a wizard's laboratory)
 q - a +1 helmet (worn)
   (You found it on level 4 of the Vaults)
 D - +8 gold dragon scales (worn)
   (You bought it in a shop on level 2 of the Dungeon)
 O - a +2 kite shield of reflection (worn) {Donald}
   (You took it off Donald on level 3 of the Spider Nest)
 P - the +2 pair of boots of the Solstice (worn) {rF++}
   (You found it on level 2 of the Depths)

   rF:        It greatly protects you from fire.
 Y - a scarf of resistance
   (You found it in a treasure trove)
Jewellery
 l - the ring of Qolla (right hand) {rF- rC+ Int+5 SInv Stlth+}
   (You found it on level 5 of the Pits of Slime)

   [ring of protection from cold]

   Int:       It affects your intelligence (+5).
   rF:        It makes you vulnerable to fire.
   rC:        It protects you from cold.
   SInv:      It lets you see invisible.
   Stlth:     It makes you more stealthy.
 s - an amulet of reflection (around neck)
   (You found it on level 3 of the Lair of Beasts)
 v - the ring "Muum" {Will+ rCorr Str-2 Stlth+}
   (You found it on level 3 of the Crypt)

   [ring of willpower]

   Str:       It affects your strength (-2).
   rCorr:     It protects you from acid and corrosion.
   Will:      It increases your willpower.
   Stlth:     It makes you more stealthy.
 z - the ring "Daesagups" (left hand) {rElec rC++ rN+ MP+9 Stlth-}
   (You found it on level 2 of the Depths)

   [ring of positive energy]

   rC:        It greatly protects you from cold.
   rElec:     It insulates you from electricity.
   rN:        It protects you from negative energy.
   MP:        It affects your magic capacity (+9).
   Stlth:     It makes you less stealthy.
 U - the ring "Koebink" {rC+ Will+ MP+9 Int+3}
   (You bought it in a shop on level 3 of the Depths)

   [ring of magical power]

   Int:       It affects your intelligence (+3).
   rC:        It protects you from cold.
   MP:        It affects your magic capacity (+9).
   Will:      It increases your willpower.
 Z - the ring "Kilal" {Fly rN++ rCorr EV+4 Str+4}
   (You found it on level 5 of the Pits of Slime)

   [ring of evasion]

   EV:        It affects your evasion (+4).
   Str:       It affects your strength (+4).
   rN:        It greatly protects you from negative energy.
   Fly:       It grants you flight.
   rCorr:     It protects you from acid and corrosion.
Wands
 A - a wand of roots (35)
   (You found it on level 8 of the Dungeon)
 V - a wand of light (13)
   (You found it on level 10 of the Dungeon)
Scrolls
 c - 11 scrolls of amnesia
 f - 25 scrolls of teleportation
 j - 11 scrolls of immolation
 u - 4 scrolls of magic mapping
 x - a scroll of summoning
 y - 4 scrolls of fear
 K - 5 scrolls of silence
 L - 4 scrolls of torment
 N - 9 scrolls of fog
 Q - 4 scrolls of blinking
Potions
 k - 11 potions of flight
 p - 3 potions of haste
 t - 29 potions of curing
 w - 9 potions of cancellation
 B - 9 potions of attraction
 C - 4 potions of might
 F - a potion of mutation
 G - 9 potions of invisibility
 H - 7 potions of magic
 I - 8 potions of brilliance
 M - 3 potions of resistance
 W - 9 potions of ambrosia
 X - 11 potions of heal wounds
Miscellaneous
 n - a phial of floods
   (You found it on level 3 of the Elven Halls)
 J - a lightning rod (4/4)
   (You found it in a treasure trove)
 R - a phantom mirror
   (You found it in a Gauntlet)


   Skills:
 - Level 20.0 Fighting
 - Level 16.0 Polearms
 - Level 18.0 Throwing
 + Level 21.7 Armour
 - Level 15.0 Dodging
 - Level 15.0 Shields
 + Level 11.6 Spellcasting
 - Level 21.3 Necromancy
 - Level 11.8 Transmutations
 - Level 3.5 Fire Magic
 - Level 20.0 Invocations


You had 26 spell levels left.
You knew the following spells:

 Your Spells              Type           Power      Damage    Failure   Level
a - Necromutation         Tmut/Necr      38%        N/A       94%         8
b - Death's Door          Necr           43%        N/A       99%         9
c - Death Channel         Necr           43%        N/A       1%          6

Your spell library contained the following spells:

 Spells                   Type           Power      Damage    Failure   Level
 Necrotise                Necr           100%       1d9       0%          1
 Vampiric Draining        Necr           86%        2d12      0%          3
 Wereblood                Tmut           63%        N/A       1%          2
 Animate Dead             Necr           86%        N/A       1%          4
 Dispel Undead            Necr           86%        3d28      1%          4
 Agony                    Necr           86%        N/A       1%          5
 Sting                    Tmut/Pois      100%       1d8       3%          1
 Passwall                 Tmut/Erth      35%        N/A       4%          2
 Blade Hands              Tmut           31%        N/A       8%          5
 Spider Form              Tmut/Pois      42%        N/A       9%          3
 Scorch                   Fire           60%        2d8       12%         2
 Borgnjor's Vile Clutch   Necr/Erth      30%        N/A       12%         5
 Ignite Poison            Fire/Tmut/Pois 38%        N/A       13%         3
 Foxfire                  Conj/Fire      88%        2x1d8     17%         1
 Corpse Rot               Necr/Pois/Air  48%        N/A       19%         4
 Ice Form                 Ice/Tmut       42%        N/A       30%         4
 Petrify                  Tmut/Erth      42%        N/A       30%         4
 Apportation              Tloc           26%        N/A       34%         1
 Magic Dart               Conj           52%        1d5       34%         1
 Sandblast                Erth           26%        2d8       34%         1
 Shock                    Conj/Air       52%        1d6       34%         1
 Summon Small Mammal      Summ           52%        N/A       34%         1
 Borgnjor's Revivificati  Necr           43%        N/A       34%         8
 Conjure Flame            Conj/Fire      22%        6-21      45%         3
 Inner Flame              Hex/Fire       22%        N/A       45%         3
 Call Imp                 Summ           13%        N/A       47%         2
 Ensorcelled Hibernation  Hex/Ice        26%        N/A       47%         2
 Poisonous Vapours        Pois/Air       26%        N/A       47%         2
 Searing Ray              Conj           26%        2d5       47%         2
 Simulacrum               Ice/Necr       30%        N/A       54%         6
 Alistair's Intoxication  Tmut/Pois      28%        N/A       63%         5
 Irradiate                Conj/Tmut      21%        3d18      63%         5
 Call Canine Familiar     Summ           13%        N/A       71%         3
 Dazzling Flash           Conj/Hex       26%        N/A       71%         3
 Gell's Gravitas          Tloc           13%        N/A       71%         3
 Lesser Beckoning         Tloc           13%        N/A       71%         3
 Mephitic Cloud           Conj/Pois/Air  13%        N/A       71%         3
 Ozocubu's Armour         Ice            13%        N/A       71%         3
 Portal Projectile        Hex/Tloc       26%        N/A       71%         3
 Stone Arrow              Conj/Erth      26%        3d8       71%         3
 Summon Guardian Golem    Hex/Summ       13%        N/A       71%         3
 Swiftness                Air            13%        N/A       71%         3
 Flame Wave               Conj/Fire      22%        2d8       86%         4
 Sticky Flame             Conj/Fire      22%        2d4       86%         4
 Dragon Form              Tmut           31%        N/A       92%         7
 Airstrike                Air            6%         2d(1-17)  98%         4
 Cause Fear               Hex            6%         N/A       98%         4
 Fulminant Prism          Conj/Hex       6%         3d7       98%         4
 Hailstorm                Conj/Ice       13%        3d5       98%         4
 Iskenderun's Mystic Bla  Conj/Tloc      13%        2d5       98%         4
 Leda's Liquefaction      Hex/Erth       6%         N/A       98%         4
 Olgreb's Toxic Radiance  Pois           13%        N/A       98%         4
 Summon Ice Beast         Ice/Summ       13%        N/A       98%         4
 Summon Lightning Spire   Summ/Air       13%        N/A       98%         4
 Haunt                    Necr/Summ      30%        N/A       98%         7
 Fireball                 Conj/Fire      11%        3d7       99%         5
 Iskenderun's Battlesphe  Conj           13%        2d7       100%        5
 Lee's Rapid Deconstruct  Erth           6%         3d7*      100%        5
 Lightning Bolt           Conj/Air       6%         1d18      100%        5
 Summon Forest            Summ/Tloc      6%         N/A       100%        5
 Conjure Ball Lightning   Conj/Air       6%         3x3d6     100%        6
 Iron Shot                Conj/Erth      6%         9d2       100%        6
 Starburst                Conj/Fire      11%        6d5       100%        6
 Summon Cactus Giant      Summ           6%         N/A       100%        6
 Malign Gateway           Summ/Tloc      6%         N/A       100%        7
 Monstrous Menagerie      Summ           6%         N/A       100%        7
 Orb of Destruction       Conj           6%         9d6       100%        7
 Ozocubu's Refrigeration  Ice            6%         4d8       100%        7
 Spellforged Servitor     Conj/Summ      6%         N/A       100%        7
 Discord                  Hex            6%         N/A       100%        8
 Disjunction              Tloc           6%         N/A       100%        8
 Ignition                 Fire           15%        3d6       100%        8
 Lehudib's Crystal Spear  Conj/Erth      6%         10d3      100%        8
 Summon Horrible Things   Summ           6%         N/A       100%        8
 Chain Lightning          Conj/Air       6%         3d8       100%        9
 Dragon's Call            Summ           6%         N/A       100%        9
 Fire Storm               Conj/Fire      11%        8d3       100%        9
 Shatter                  Erth           6%         3d9*      100%        9


Dungeon Overview and Level Annotations

Branches:
Dungeon (15/15)            Temple (1/1) D:6            Lair (5/5) D:11
 Shoals (4/4) Lair:2       Spider (4/4) Lair:2        Slime (5/5) Lair:4
    Orc (2/2) D:12            Elf (3/3) Orc:2        Vaults (4/5) D:14
  Crypt (3/3) Vaults:2       Tomb (0/3) Crypt:3      Depths (4/4) D:15
    Zot (5/5) Depths:4      Sewer (visited)           IceCv (visited)
 WizLab (visited)         Desolation (visited)      Gauntlet (visited)

Altars:
Ashenzari
Cheibriados
Dithmenos
Fedhas
Gozag
Hepliaklqana
Kikubaaqudgha
Makhleb
Nemelex Xobeh
Okawaru
Qazlal
Ru
Sif Muna
Trog
Uskayaw
Vehumet
Wu Jian
Xom
Yredelemnul
Jiyva

Shops:
D:2 (:[:*   D:8 (   D:12 (   D:15 [   Orc:2 ?*[*   Elf:1 (   Elf:2 *
Elf:3 :??   Shoals:4 [   Vaults:2 *   Depths:3 [=:=

Portals:
Hell: Depths:1 Depths:2 Depths:3 Depths:4
Abyss: Depths:1 Depths:2 Depths:3
Pandemonium: Depths:1 Depths:2 Depths:3
Ziggurat: Depths:4

Annotations:
D:5 1 runed translucent door
D:15 1 runed translucent door, Jingleheimer's ghost, journeyman FoFi; Roxanne
Elf:2 5 runed translucent doors
Zot:5 1 exclusion


Innate Abilities, Weirdness & Mutations

You can hurl damnation.
Your demonic aura causes all spilled blood to erupt in flames.
You are completely covered in sharp spines.
You are resistant to unholy torment.
Your movements are significantly less encumbered by armour. (ER -6)
You punish those that try to bend your will. (Will+)
Your touch may irresistibly damage your foes and sap their willpower.
You are frail. (-10% HP)
You are weak. (Str -2)
Potions are less effective at restoring your health.
You expend magic power (3 MP) to strengthen your wands.


Message History

The bolt of fire hits you. You resist.
Throw: 12 javelins (silver)
Press: ? - help, Q - select action, (/) - cycle Shift-Dir - straight line, f/p - orb of fire
Aim: an orb of fire (severely damaged, 50% to hit, chaotic)
You throw a silver javelin.
The silver javelin pierces through the orb of fire!
The silver sears the orb of fire!
The orb of fire is almost destroyed.
Throw: 11 javelins (silver)
Press: ? - help, Q - select action, (/) - cycle Shift-Dir - straight line, f/p - orb of fire
Aim: an orb of fire (almost destroyed, 50% to hit, chaotic)
You throw a silver javelin.
The silver javelin barely misses the orb of fire.
The orb of fire glows deep purple.
The fireball explodes!
The fireball engulfs you!! You resist.
* * * LOW HITPOINT WARNING * * *
The fireball engulfs the orb of fire.
The orb of fire completely resists.
You hear a roar!
Throw: 10 javelins (silver)
Press: ? - help, Q - select action, (/) - cycle Shift-Dir - straight line, f/p - orb of fire
Aim: an orb of fire (almost destroyed, 50% to hit, chaotic)
You throw a silver javelin.
The silver javelin misses the orb of fire.
Throw: 9 javelins (silver)
Press: ? - help, Q - select action, (/) - cycle Shift-Dir - straight line, f/p - orb of fire
Aim: an orb of fire (almost destroyed, 50% to hit, chaotic)
You throw a silver javelin.
The silver javelin closely misses the orb of fire.
The orb of fire emits a lurid red light.
Strange energies course through your body.
You feel weaker.
Throw: 8 javelins (silver)
Press: ? - help, Q - select action, (/) - cycle Shift-Dir - straight line, f/p - orb of fire
Aim: an orb of fire (almost destroyed, 50% to hit, chaotic)
You throw a silver javelin.
The silver javelin pierces through the orb of fire!
The silver sears the orb of fire!
The orb of fire is almost destroyed.
Throw: 7 javelins (silver)
Press: ? - help, Q - select action, (/) - cycle Shift-Dir - straight line, f/p - orb of fire
Aim: an orb of fire (almost destroyed, 50% to hit, chaotic)
You throw a silver javelin.
The silver javelin closely misses the orb of fire.
The orb of fire glows red.
The fireball explodes!
The fireball engulfs you!! You resist.
* * * LOW HITPOINT WARNING * * *
The fireball engulfs the orb of fire.
The orb of fire completely resists.
You hear a roar!
Throw: 6 javelins (silver)
Press: ? - help, Q - select action, (/) - cycle Shift-Dir - straight line, f/p - orb of fire
Aim: an orb of fire (almost destroyed, 50% to hit, chaotic)
You throw a silver javelin.
The silver javelin pierces through the orb of fire!
The silver sears the orb of fire!
You destroy the orb of fire!
Makhleb accepts your kill.
You feel better.
You see here a +0 battleaxe.
You see here a +0 hand axe.
Things that are here:
a +0 flail; a +0 rapier
Things that are here:
a +0 dire flail; a white draconian skeleton
Things that are here:
a +0 battleaxe; a +0 cloak
There is a stone staircase leading up, spattered with blood here.
You start resting.
HP restored.
Unknown command.
Things that are here:
a +0 flail; a +0 rapier You see here a +0 hand axe.
You see here a +0 battleaxe.
i - 16 silver javelins (gained 11)
An orb of fire comes into view.
i - 17 silver javelins (gained 1)
You see here a +0 glaive.
A Killer Klown comes into view. It is wielding a +10 club of freezing.
The Killer Klown moves out of view.
You see here a +0 glaive.
The Killer Klown shouts!
You see here a +0 glaive.
The Killer Klown blinks!
You see here a +10 vampiric club.
The Killer Klown attacks as you move away!
You block the Killer Klown's attack.
The Killer Klown hits you but does no damage.
The Killer Klown pies you viciously!
Your +2 kite shield of reflection {Donald} reflects the klown pie!
The klown pie misses the Killer Klown.
You see here a +0 short sword.
The Killer Klown blinks!
You see here a +0 mace.
Aiming: Hurl Damnation
Press: ? - help, Shift-Dir - straight line, f - Killer Klown
Aim: a Killer Klown, wielding a +10 club of freezing The sphere of damnation explodes!
The damnation engulfs the Killer Klown!!!
The Killer Klown is heavily wounded.
Aiming: Hurl Damnation
Press: ? - help, Shift-Dir - straight line, f/p - Killer Klown
Aim: a Killer Klown, wielding a +10 club of freezing (heavily wounded)
The sphere of damnation explodes!
The damnation engulfs the Killer Klown!!!
The Killer Klown is severely wounded.
Unknown command.
Aiming: Hurl Damnation
Press: ? - help, Shift-Dir - straight line, f/p - Killer Klown
Aim: a Killer Klown, wielding a +10 club of freezing (severely wounded)
The sphere of damnation explodes!
The damnation engulfs the Killer Klown!!!!
You kill the Killer Klown!
Makhleb accepts your kill.
Unknown command.
You see here a +0 long sword.
You see here a +0 battleaxe.
You see here a +0 hand axe.
Things that are here:
a +0 flail; a +0 rapier You see here a +0 dire flail.
Things that are here:
a +0 battleaxe; a +0 cloak
There is a stone staircase leading up, spattered with blood here.
You start resting.
HP restored.
Things that are here:
a +0 flail; a +0 rapier You see here a +0 hand axe.
You see here a +0 battleaxe.
A moth of wrath comes into view.
You throw a boomerang.
The moth of wrath's fur bristles in rage as it notices you.
The boomerang hits the moth of wrath!
The moth of wrath is lightly wounded.
You throw a boomerang.
The boomerang barely misses the moth of wrath.
You throw a boomerang. The boomerang hits the moth of wrath!
The moth of wrath is heavily wounded.
You throw a boomerang.
The boomerang closely misses the moth of wrath.
The moth of wrath angrily waves its antennae.
You throw a boomerang.
The boomerang closely misses the moth of wrath.
You throw a boomerang. The boomerang hits the moth of wrath!
The moth of wrath is severely wounded.
You reach to attack!
You completely miss the moth of wrath.
The moth of wrath is severely wounded.
You impale the moth of wrath!!
You kill the moth of wrath!
Makhleb accepts your kill.
Things that are here:
a +10 club of freezing; a Killer Klown skeleton You see here a +0 glaive.
You see here a +0 morningstar.
An orb of fire is nearby!
Aiming: Hurl Damnation
Press: ? - help, Shift-Dir - straight line
Okay, then.
You see here a +0 morningstar.
You start waiting.
Done waiting.
Found a short sword.
A Killer Klown comes into view. It is wielding a +8 club.
The Killer Klown shouts!
The Killer Klown pies you viciously! The klown pie hits you!
Cherry!
Cherry-coloured flames burn away your fire resistance!
The Killer Klown pies you viciously!
Your +2 kite shield of reflection {Donald} reflects the klown pie!
The klown pie hits the Killer Klown!!
Blueberry!
The Killer Klown loses the ability to speak.
The Killer Klown is engulfed in blazing flames. x2
Aiming: Hurl Damnation
Press: ? - help, Shift-Dir - straight line, f - Killer Klown
Aim: a Killer Klown, wielding a +8 club (flame, moderately wounded, unaffected by silence, mute)
The sphere of damnation explodes!
The damnation engulfs the Killer Klown!!!!
The Killer Klown is almost dead.
The Killer Klown is engulfed in blazing flames.
You kill the Killer Klown!
Makhleb accepts your kill.
You feel better.
You see here a +0 morningstar.
You see here a +0 glaive.
You start resting.
You feel less vulnerable to fire.
You see here a +0 morningstar.
You start resting.
HP restored.
You see here a +8 club.
Found a ring mail.
Aiming: Hurl Damnation
Press: ? - help, Shift-Dir - straight line, f - orb of fire
Aim: an orb of fire The sphere of damnation explodes!
The damnation engulfs the orb of fire!!!!
The orb of fire is heavily damaged.
Aiming: Hurl Damnation
Press: ? - help, Shift-Dir - straight line, f/p - orb of fire
Aim: an orb of fire (heavily damaged)
The sphere of damnation explodes!
The damnation engulfs the orb of fire!!
The orb of fire is severely damaged.
The orb of fire glows deep purple.
The fireball explodes!
The fireball engulfs you!! You resist.
Unknown command.
Aiming: Hurl Damnation
Press: ? - help, Shift-Dir - straight line, f/p - orb of fire
Aim: an orb of fire (severely damaged)
The sphere of damnation explodes!
The damnation engulfs the orb of fire!!!
You destroy the orb of fire!
Makhleb accepts your kill.
Unknown command.
You see here a +8 club.
You see here a +0 morningstar.
You see here a +10 vampiric club.
You see here a +0 long sword.
You see here a +0 battleaxe.
You see here a +0 hand axe.
Things that are here:
a +0 flail; a +0 rapier You see here a +0 dire flail.
Things that are here:
a +0 battleaxe; a +0 cloak
There is a stone staircase leading up, spattered with blood here.
You start resting.
HP restored.
Things that are here:
a +0 flail; a +0 rapier You see here a +0 hand axe.
You see here a +0 battleaxe.
You see here a +10 club of freezing.
You see here a +0 glaive.
You see here a +0 morningstar. 2 Orb Guardians come into view.
An Orb Guardian comes into view.
The Orb Guardian drops a net on you.
You become entangled in the net!
You see here a throwing net.
You struggle against the net.
You struggle against the net.
The Orb Guardian hits you but does no damage.
The Orb Guardian is struck by your spines.
The Orb Guardian hits you! The Orb Guardian hits you.
You struggle against the net.
The Orb Guardian is struck by your spines.
The Orb Guardian barely misses you.
The Orb Guardian hits you but does no damage. x2
You rip the net and break free!
The Orb Guardian hits you! You block the Orb Guardian's attack.
The Orb Guardian hits you but does no damage.
You block the Orb Guardian's attack.
An Orb Guardian comes into view.
The Orb Guardian attacks as you move away!
The Orb Guardian hits you. The Orb Guardian hits you! x2
You feel yourself speed up. You block the Orb Guardian's attack.
You feel very mighty all of a sudden. The Orb Guardian closely misses you.
The Orb Guardian is struck by your spines.
The Orb Guardian hits you!
You miss the Orb Guardian.
The Orb Guardian is moderately wounded.
The Orb Guardian is struck by your spines.
The Orb Guardian hits you. x2
The Orb Guardian is engulfed in blazing flames.
The Orb Guardian hits you but does no damage.
You barely miss the Orb Guardian.
The Orb Guardian is heavily wounded.
The Orb Guardian is struck by your spines.
The Orb Guardian hits you!
The Orb Guardian is engulfed in blazing flames.
The Orb Guardian hits you but does no damage.
You impale the Orb Guardian!!
The Orb Guardian is almost dead.
You block the Orb Guardian's attack.
You hit the Orb Guardian but do no damage.
The Orb Guardian is almost dead.
The Orb Guardian hits you but does no damage.
The Orb Guardian is engulfed in blazing flames.
You block the Orb Guardian's attack.
The Orb Guardian hits you but does no damage.
You miss the Orb Guardian.
The Orb Guardian is moderately wounded.
You block the Orb Guardian's attack.
You impale the Orb Guardian!!
You kill the Orb Guardian!
Makhleb accepts your kill.
You feel better.
The Orb Guardian is engulfed in blazing flames.
You block the Orb Guardian's attack.
Your Spellcasting skill increases to level 11!
You block the Orb Guardian's attack. The Orb Guardian hits you!
You closely miss the Orb Guardian.
The Orb Guardian is moderately wounded.
The Orb Guardian closely misses you.
You closely miss the Orb Guardian.
The Orb Guardian is moderately wounded.
The Orb Guardian is struck by your spines.
The Orb Guardian hits you but does no damage.
The Orb Guardian is struck by your spines.
The Orb Guardian barely misses you.
The Orb Guardian is engulfed in blazing flames.
The Orb Guardian hits you but does no damage.
You are too injured to fight recklessly!
You are too injured to fight recklessly!
You are too injured to fight recklessly!
You are too injured to fight recklessly!
You puncture the Orb Guardian!
The Orb Guardian is heavily wounded.
The Orb Guardian hits you.
You puncture the Orb Guardian!
The Orb Guardian is severely wounded.
The Orb Guardian is struck by your spines.
The Orb Guardian barely misses you.
The Orb Guardian is engulfed in blazing flames.
You block the Orb Guardian's attack.
You impale the Orb Guardian!!
You kill the Orb Guardian!
Makhleb accepts your kill.
You feel better.
You hit the Orb Guardian.
The Orb Guardian is moderately wounded.
The Orb Guardian is struck by your spines.
The Orb Guardian barely misses you.
The Orb Guardian is engulfed in blazing flames.
The Orb Guardian hits you.
You puncture the Orb Guardian!
The Orb Guardian is heavily wounded.
The Orb Guardian is struck by your spines.
The Orb Guardian hits you.
The Orb Guardian is engulfed in blazing flames.
The Orb Guardian barely misses you.
You hit the Orb Guardian.
The Orb Guardian is almost dead.
You closely miss the Orb Guardian.
The Orb Guardian is almost dead.
You block the Orb Guardian's attack.
The Orb Guardian is engulfed in blazing flames.
The Orb Guardian is struck by your spines.
The Orb Guardian closely misses you.
You impale the Orb Guardian!!
You kill the Orb Guardian!
Makhleb accepts your kill.
You feel better.
The Orb Guardian is engulfed in blazing flames.
You block the Orb Guardian's attack.
You hit the Orb Guardian.
The Orb Guardian is severely wounded.
You skewer the Orb Guardian like a kebab!!!
You kill the Orb Guardian!
Makhleb accepts your kill.
You feel better.
An Orb Guardian comes into view.
An Orb Guardian comes into view.
Throw: 18 boomerangs
Press: ? - help, Q - select action, (/) - cycle Shift-Dir - straight line, f - Orb Guardian
Aim: an Orb Guardian (66% to hit)
You throw a boomerang.
The boomerang barely misses the Orb Guardian.
Throw: 18 boomerangs
Press: ? - help, Q - select action, (/) - cycle Shift-Dir - straight line, f/p - Orb Guardian
Aim: an Orb Guardian (66% to hit)
You throw a boomerang.
The boomerang barely misses the Orb Guardian.
Throw: 18 boomerangs
Press: ? - help, Q - select action, (/) - cycle Shift-Dir - straight line, f/p - Orb Guardian
Aim: an Orb Guardian (66% to hit)
You throw a boomerang. The boomerang hits the Orb Guardian!
The Orb Guardian is lightly wounded.
You reach to attack!
You miss the Orb Guardian.
You reach to attack!
You impale the Orb Guardian!!
The Orb Guardian is heavily wounded.
You barely miss the Orb Guardian.
The Orb Guardian is heavily wounded.
You hit the Orb Guardian but do no damage.
The Orb Guardian is heavily wounded.
You block the Orb Guardian's attack.
You puncture the Orb Guardian!
The Orb Guardian is severely wounded.
You block the Orb Guardian's attack.
The Orb Guardian is struck by your spines.
The Orb Guardian hits you but does no damage.
You miss the Orb Guardian.
The Orb Guardian is severely wounded.
You closely miss the Orb Guardian.
The Orb Guardian is severely wounded.
You block the Orb Guardian's attack. x2
You closely miss the Orb Guardian.
The Orb Guardian is severely wounded.
You block the Orb Guardian's attack. x2
You impale the Orb Guardian!!
The Orb Guardian is almost dead.
You closely miss the Orb Guardian.
The Orb Guardian is almost dead.
The Orb Guardian hits you but does no damage.
The Orb Guardian hits you!
You impale the Orb Guardian!!
You kill the Orb Guardian!
Makhleb accepts your kill.
You feel better.
You hit the Orb Guardian.
The Orb Guardian is moderately wounded.
You block the Orb Guardian's attack.
You impale the Orb Guardian!!
The Orb Guardian is heavily wounded.
You barely miss the Orb Guardian.
The Orb Guardian is heavily wounded.
You block the Orb Guardian's attack.
You hit the Orb Guardian.
The Orb Guardian is heavily wounded.
You block the Orb Guardian's attack.
You puncture the Orb Guardian!
The Orb Guardian is severely wounded.
You hit the Orb Guardian but do no damage.
The Orb Guardian is severely wounded.
You block the Orb Guardian's attack.
You impale the Orb Guardian!!
You kill the Orb Guardian!
Makhleb accepts your kill.
You feel better.
An Orb Guardian comes into view.
An Orb Guardian comes into view.
You reach to attack!
You impale the Orb Guardian!!
The Orb Guardian is heavily wounded.
You hit the Orb Guardian but do no damage.
The Orb Guardian is heavily wounded.
You hit the Orb Guardian.
The Orb Guardian is heavily wounded.
The Orb Guardian hits you but does no damage.
You puncture the Orb Guardian!
The Orb Guardian is severely wounded.
You puncture the Orb Guardian!
The Orb Guardian is almost dead.
You block the Orb Guardian's attack.
You puncture the Orb Guardian!
You kill the Orb Guardian!
Makhleb accepts your kill.
You feel better.
You barely miss the Orb Guardian.
The Orb Guardian is struck by your spines.
The Orb Guardian hits you.
You barely miss the Orb Guardian.
The Orb Guardian is moderately wounded.
The Orb Guardian hits you but does no damage.
You hit the Orb Guardian but do no damage.
The Orb Guardian is moderately wounded.
You impale the Orb Guardian!!
The Orb Guardian is heavily wounded.
Your extra speed is starting to run out.
The Orb Guardian completely misses you.
You closely miss the Orb Guardian.
The Orb Guardian is heavily wounded.
You hit the Orb Guardian.
The Orb Guardian is severely wounded.
The Orb Guardian is struck by your spines.
The Orb Guardian hits you!!
You puncture the Orb Guardian!
The Orb Guardian is almost dead.
The Orb Guardian is struck by your spines.
The Orb Guardian hits you!!
You impale the Orb Guardian!!
You kill the Orb Guardian!
Makhleb accepts your kill.
No target in view!
An Orb Guardian comes into view.
You start resting.
You feel yourself slow down.
You start resting.
An Orb Guardian is nearby!
You reach to attack!
You closely miss the Orb Guardian. You impale the Orb Guardian!!
The Orb Guardian is heavily wounded.
The Orb Guardian hits you.
You perforate the Orb Guardian like a sieve!!!
The Orb Guardian is almost dead.
The Orb Guardian is struck by your spines.
You kill the Orb Guardian!
Makhleb accepts your kill.
You feel better.
No target in view!
You start resting.
You feel a little less mighty now.
Found the Orb of Zot.
You start resting.
An Orb Guardian comes into view.
You start resting.
An Orb Guardian comes into view.
You reach to attack!
You hit the Orb Guardian.
The Orb Guardian is lightly wounded.
You hit the Orb Guardian.
The Orb Guardian is lightly wounded.
The Orb Guardian hits you but does no damage.
You puncture the Orb Guardian!
The Orb Guardian is moderately wounded.
The Orb Guardian is struck by your spines.
The Orb Guardian hits you!
You hit the Orb Guardian.
The Orb Guardian is moderately wounded.
You block the Orb Guardian's attack.
You puncture the Orb Guardian!
The Orb Guardian is heavily wounded.
You block the Orb Guardian's attack.
You hit the Orb Guardian but do no damage.
The Orb Guardian is heavily wounded.
The Orb Guardian is struck by your spines.
The Orb Guardian hits you.
You barely miss the Orb Guardian.
The Orb Guardian is severely wounded.
You block the Orb Guardian's attack.
You hit the Orb Guardian but do no damage.
The Orb Guardian is severely wounded.
You block the Orb Guardian's attack.
You barely miss the Orb Guardian.
The Orb Guardian is severely wounded.
You block the Orb Guardian's attack.
You hit the Orb Guardian.
The Orb Guardian is severely wounded.
The Orb Guardian is struck by your spines.
The Orb Guardian hits you!!
You are too injured to fight recklessly!
You closely miss the Orb Guardian.
The Orb Guardian is almost dead.
You block the Orb Guardian's attack.
You hit the Orb Guardian.
The Orb Guardian is almost dead.
You block the Orb Guardian's attack.
You closely miss the Orb Guardian.
The Orb Guardian is almost dead.
The Orb Guardian is struck by your spines.
You kill the Orb Guardian!
Makhleb accepts your kill.
You feel better.
You start resting.
HP restored.
Found a book of Conjurations.
Found 3 poisoned darts.
You see here the Orb of Zot.
Okay, then.
Okay, then.
Unknown command.
You feel yourself speed up.
An Orb Guardian comes into view.
You pick up the Orb of Zot!
The Orb lets out a hideous shriek!
The lords of Pandemonium are not amused.
Beware!
Now all you have to do is get back out of the dungeon!
You hear a roar! x9
The Orb Guardian disappears!
The Orb Guardian disappears!
You barely miss the Orb Guardian.
The Orb Guardian is struck by your spines.
The Orb Guardian hits you but does no damage.
The Orb Guardian hits you but does no damage.
You block the Orb Guardian's attack. You block the Orb Guardian's attack.
You see here a +8 club.
You see here a +0 morningstar.
You see here a +10 vampiric club.
Your extra speed is starting to run out.
You feel yourself slow down.
You see here a +0 battleaxe.
You see here a +0 hand axe.
Things that are here:
a +0 flail; a +0 rapier The Orb Guardian attacks as you move away!
The Orb Guardian is struck by your spines.
The Orb Guardian hits you but does no damage.
The Orb Guardian hits you but does no damage.
The Orb Guardian hits you but does no damage.
You see here a +0 dire flail.
The Orb Guardian attacks as you move away!
You block the Orb Guardian's attack.
Things that are here:
a +0 battleaxe; a +0 cloak
There is a stone staircase leading up, spattered with blood here.
You puncture the Orb Guardian!
The Orb Guardian is moderately wounded.
The Orb Guardian is struck by your spines.
The Orb Guardian misses you. You block the Orb Guardian's attack.
You impale the Orb Guardian!!
The Orb Guardian is severely wounded.
You block the Orb Guardian's attack.
The Orb Guardian hits you but does no damage.
You impale the Orb Guardian!!
The Orb Guardian is almost dead.
You block the Orb Guardian's attack. The Orb Guardian hits you!
You puncture the Orb Guardian!
You kill the Orb Guardian!
Makhleb accepts your kill.
You feel better.
The Orb Guardian hits you but does no damage.
You hit the Orb Guardian but do no damage.
The Orb Guardian hits you but does no damage.
You miss the Orb Guardian. You block the Orb Guardian's attack.
You barely miss the Orb Guardian. You block the Orb Guardian's attack.
You closely miss the Orb Guardian. You block the Orb Guardian's attack.
You hit the Orb Guardian but do no damage.
You block the Orb Guardian's attack.
You puncture the Orb Guardian!
The Orb Guardian is moderately wounded.
You block the Orb Guardian's attack.
You closely miss the Orb Guardian.
The Orb Guardian is moderately wounded.
The Orb Guardian is struck by your spines.
The Orb Guardian hits you but does no damage.
You hit the Orb Guardian but do no damage.
The Orb Guardian is moderately wounded.
The Orb Guardian hits you!!
You puncture the Orb Guardian!
The Orb Guardian is moderately wounded.
The Orb Guardian is engulfed in blazing flames.
You block the Orb Guardian's attack.
You barely miss the Orb Guardian.
The Orb Guardian is heavily wounded.
The Orb Guardian is engulfed in blazing flames.
The Orb Guardian hits you but does no damage.
You impale the Orb Guardian!!
The Orb Guardian is almost dead.
The Orb Guardian is engulfed in blazing flames.
The Orb Guardian hits you!!
You hit the Orb Guardian.
The Orb Guardian is almost dead.
The Orb Guardian is engulfed in blazing flames.
You kill the Orb Guardian!
Makhleb accepts your kill.
You feel better.
No target in view!
You climb upwards.
There is a stone staircase leading down here.
You see here a +11 antimagic club.
There is a stone staircase leading up, spattered with blood here.
You climb upwards.
There is a stone staircase leading down here.
You see here 5 stones.
An Orb Guardian comes into view.
You reach to attack!
You closely miss the Orb Guardian.
You reach to attack!
You impale the Orb Guardian!!
The Orb Guardian is moderately wounded.
You barely miss the Orb Guardian.
The Orb Guardian is moderately wounded.
The Orb Guardian is struck by your spines.
The Orb Guardian hits you but does no damage.
You barely miss the Orb Guardian.
The Orb Guardian is severely wounded.
You closely miss the Orb Guardian.
The Orb Guardian is severely wounded.
You block the Orb Guardian's attack.
You puncture the Orb Guardian!
The Orb Guardian is severely wounded.
The Orb Guardian is struck by your spines.
The Orb Guardian hits you.
You hit the Orb Guardian.
The Orb Guardian is almost dead.
You block the Orb Guardian's attack.
You closely miss the Orb Guardian.
The Orb Guardian is almost dead.
The Orb Guardian hits you but does no damage.
You impale the Orb Guardian!!
You kill the Orb Guardian!
Makhleb accepts your kill.
You feel better.
You see here a +0 short sword.
You see here a +0 long sword.
HP restored.
There is a stone staircase leading up, spattered with blood here.
Things that are here:
a +0 cloak; a +1 vorpal war axe You climb upwards.
There is a stone staircase leading down here.
A shadow demon comes into view.
There is an open door here.
An efreet comes into view.
It is wielding a +1 scimitar of flaming.
There is an open door, spattered with blood here.
The efreet gestures at you.
The bolt of fire hits you but does no damage.
You resist. The efreet gestures at you.
The fireball explodes!
The fireball engulfs you but does no damage.
There is a stone staircase leading up, spattered with blood here.
You climb upwards.
There is a stone staircase leading down here.
A large abomination comes into view.
An Executioner and a large abomination come into view.
The Executioner gives a hideous shriek!
A large abomination comes into view.
The large abomination barely misses you.
A demon appears!
You block the Executioner's attack.
The Executioner hits you but does no damage.
You block the Executioner's attack.
The Executioner hits you but does no damage.
The Executioner closely misses you.
The Executioner hits you but does no damage.
The large abomination is struck by your spines.
The large abomination hits you!!
You puncture the Executioner!
The Executioner is moderately wounded.
The Executioner is struck by your spines.
The Executioner hits you but does no damage.
The Executioner misses you. You block the Executioner's attack.
The large abomination attacks as you move away!
You block the large abomination's attack.
The Executioner gestures.
The Executioner seems to speed up.
You miss the Executioner.
The Executioner is heavily wounded.
You block the Executioner's attack. The Executioner barely misses you.
The Executioner hits you but does no damage.
The large abomination is engulfed in blazing flames.
The large abomination is struck by your spines.
The large abomination closely misses you.
Your green death hits the Executioner!!
The Executioner hits your green death!!
The Executioner closely misses your green death.
The Executioner hits your green death!
You stick the Executioner like a pincushion!!!
You kill the Executioner!
Makhleb accepts your kill.
You feel better.
The large abomination is engulfed in blazing flames.
You block the large abomination's attack.
Your green death hits the large abomination!
You puncture the large abomination!
You destroy the large abomination!
Makhleb accepts your kill.
You feel better.
You block the large abomination's attack.
You barely miss the large abomination.
The large abomination is lightly damaged.
Your green death hits the large abomination.
The large abomination is engulfed in blazing flames.
The large abomination hits you but does no damage.
You block the large abomination's attack.
You impale the large abomination!!
The large abomination is severely damaged.
Your green death hits the large abomination!
You impale the large abomination!!
You destroy the large abomination!
Makhleb accepts your kill.
You feel better.
The large abomination is engulfed in blazing flames.
You block the large abomination's attack.
You completely miss the large abomination.
The large abomination is moderately damaged.
You block the large abomination's attack.
You puncture the large abomination!
The large abomination is severely damaged.
The large abomination is engulfed in blazing flames.
You block the large abomination's attack.
Your green death gestures at the large abomination.
The poison arrow hits the large abomination!
The large abomination partially resists.
The large abomination is destroyed!
Makhleb accepts your kill.
No target in view!
No target in view!
HP restored.
There is a gate leading back out of this place, spattered with blood here.
You go up through the gate.
Welcome back to the Depths!
Your summoned ally is left behind.
There is a gate to the Realm of Zot, spattered with blood here.
There is an open door, spattered with blood here.
An efreet comes into view.
It is wielding a +2 scimitar of flaming.
You barely miss the efreet. You puncture the efreet!
The efreet is moderately wounded.
The efreet barely misses you.
You impale the efreet!!
You kill the efreet!
Makhleb accepts your kill.
No target in view!
There is a stone staircase leading up here.
You climb upwards.
There is a stone staircase leading down here.
There is a stone staircase leading up here.
You climb upwards.
There is a stone staircase leading down here.
There is a stone staircase leading down here.
An Orb Guardian comes into view.
There is a stone staircase leading up, spattered with blood here.
You climb upwards.
There is a stone staircase leading down, spattered with blood here.
You can't go up here!
There is a shaft here.
There is a shaft here.
There is a shaft here.
A small abomination, a lich and a chaos spawn come into view.
The lich shouts!
The chaos spawn's pages rustle loudly.
The lich gestures wildly while chanting.
The lich flickers and vanishes for a moment.
You see here +0 ice dragon scales.
There is a staircase back to the Dungeon, spattered with blood here.
You climb upwards.
Welcome back to the Dungeon!
Level annotation: 1 runed translucent door, Jingleheimer's ghost, journeyman FoFi; Roxanne
There is a staircase to the Depths here.
There is an open door here.
There is an open door here.
There is an escape hatch in the ceiling here.
A mysterious force pulls you upwards. The hatch slams shut behind you.
You can't go up here!
There is an escape hatch in the ceiling here.
A mysterious force pulls you upwards. The hatch slams shut behind you.
There is a stone staircase leading up, spattered with blood here.
You climb upwards.
There is a stone staircase leading down here.
There is a staircase to the Orcish Mines here.
You see here 8 stones.
You see here a staff of air.
There is a stone staircase leading up, spattered with blood here.
You climb upwards.
There is a stone staircase leading down here.
Aiming: Dig
Press: ? - help, Shift-Dir - straight line A rock wall.
This square is covered in magical glow.
You feel a surge of power!
The rock shatters into small pieces.
There is a stone staircase leading up here.
You climb upwards.
There is a stone staircase leading down here.
Magic restored.
An Orb Guardian comes into view.
You can't go up here!
There is a stone staircase leading up here.
You climb upwards.
There is a stone staircase leading down here.
There is an open door here.
There is a stone staircase leading up here.
You climb upwards.
There is a stone staircase leading down here.
There is an escape hatch in the ceiling here.
A mysterious force pulls you upwards. The hatch slams shut behind you.
There is an open door here.
There is an open door here.
An efreet comes into view.
It is wielding a +0 scimitar of flaming.
There is a stone staircase leading up here.
You climb upwards.
There is a stone staircase leading down here.
The ufetubus shouts!
You block the ufetubus's attack. x2
You miss the ufetubus. The ufetubus closely misses you. x2
You hit the ufetubus but do no damage. You closely miss the ufetubus.
The ufetubus is struck by your spines.
You kill the ufetubus!
Makhleb accepts your kill.
There is an escape hatch in the ceiling here.
A mysterious force pulls you upwards. The hatch slams shut behind you.
Level annotation: 1 runed translucent door
There is a stone staircase leading up here.
Unknown command.
You climb upwards.
There is a stone staircase leading down here.
You see here 4 stones.
A lorocyproca comes into view.
You can't go up here!
You reach to attack!
You impale the lorocyproca!!
The lorocyproca is heavily wounded.
You reach to attack!
You closely miss the lorocyproca.
The lorocyproca is heavily wounded.
You reach to attack!
You hit the lorocyproca.
The lorocyproca is heavily wounded.
You impale the lorocyproca!!
The lorocyproca is severely wounded.
You puncture the lorocyproca!
The lorocyproca is almost dead.
You block the lorocyproca's attack.
You impale the lorocyproca!!
You kill the lorocyproca!
Makhleb accepts your kill.
No target in view!
(D) Dungeon (T) Temple (L) Lair (A) Shoals (N) Spider Nest (M) Slime Pits (O) Orcish Mines (E) Elven Halls (V) Vaults (C) Crypt (W) Tomb (U) Depths (H) Hell (Z) Zot
Where to? (Enter - D:4 @ (x,y), ? - help)
A balrug and 2 sun demons come into view.
The balrug is wielding a +2 demon whip of flaming.
You can't go up here!
The sun demon attacks as you move away! You block the sun demon's attack.
The sun demon shouts!
The balrug gestures at you.
The bolt of fire hits the sun demon.
The sun demon completely resists.
The bolt of fire hits you. You resist.
There is an escape hatch in the ceiling here.
You block the sun demon's attack. The balrug gestures at you.
The bolt of fire hits the sun demon.
The sun demon completely resists.
The bolt of fire misses you. A mysterious force pulls you upwards.
The hatch slams shut behind you.
You closely miss the sun demon. You block the sun demon's attack.
You closely miss the sun demon. You block the sun demon's attack.
You puncture the sun demon!
The sun demon is moderately wounded.
The sun demon is struck by your spines. The sun demon closely misses you.
You puncture the sun demon!
The sun demon is severely wounded.
You hit the sun demon.
The sun demon is severely wounded.
The sun demon hits you but does no damage.
You barely miss the sun demon.
The sun demon is severely wounded.
The sun demon is struck by your spines.
The sun demon hits you but does no damage.
You closely miss the sun demon.
The sun demon is severely wounded.
The sun demon barely misses you.
You barely miss the sun demon.
The sun demon is severely wounded.
You block the sun demon's attack.
You impale the sun demon!!
You kill the sun demon!
Makhleb accepts your kill.
You feel better.
No target in view!
There is a stone staircase leading up here.
You climb upwards.
There is a stone staircase leading down here.
An angel comes into view.
It is wielding a +3 sacred scourge of holy wrath.
A demon appears!
You swap places.
The angel barely misses your blizzard demon.
The angel hits your blizzard demon with a +3 sacred scourge of holy wrath.
Your blizzard demon convulses!
Your blizzard demon gestures at the angel.
The bolt of lightning hits the angel!
The angel resists.
Things that are here:
a +0 scale mail; a +0 short sword Reach: b) +9 demon trident (vorpal)
Press: ? - help, Dir - move target, f - angel
Aim: an angel, wielding a +3 sacred scourge of holy wrath and wearing a +0 robe (lightly wounded, not watching you, ally target, haloed, about 33% to evade your +9 vorpal demon trident)
You could not reach far enough!
The angel barely misses your blizzard demon.
The angel hits your blizzard demon with a +3 sacred scourge of holy wrath!
Your blizzard demon convulses!!
Reach: b) +9 demon trident (vorpal)
Press: ? - help, Dir - move target, f/p - angel
Aim: an angel, wielding a +3 sacred scourge of holy wrath and wearing a +0 robe (lightly wounded, not watching you, ally target, haloed, about 33% to evade your +9 vorpal demon trident)
You could not reach far enough!
The angel hits your blizzard demon with a +3 sacred scourge of holy wrath!!
Your blizzard demon dies!
Your blizzard demon disappears in a puff of smoke!
Reach: b) +9 demon trident (vorpal)
Press: ? - help, Dir - move target, f/p - angel
Aim: an angel, wielding a +3 sacred scourge of holy wrath and wearing a +0 robe (lightly wounded, haloed, about 33% to evade your +9 vorpal demon trident)
You reach to attack!
You hit the angel but do no damage.
The angel is lightly wounded.
You impale the angel!!
The angel is heavily wounded.
The angel hits you but does no damage. x2
A tormentor comes into view.
You puncture the angel!
The angel is severely wounded.
The angel hits you but does no damage. x2
Blink to where?
Press: ? - help, Dir - move target, p - angel
As you read the scroll of blinking, it crumbles to dust.
Blink to where?
Press: ? - help, Dir - move target
As you read the scroll of blinking, it crumbles to dust.
There is a stone staircase leading up here.
You climb upwards.
There is a stone staircase leading down, spattered with blood here.
A hellion comes into view.
You can't go up here!
You hit the hellion.
The hellion is lightly wounded.
You impale the hellion!!
The hellion is severely wounded.
You barely miss the hellion.
The hellion is severely wounded.
You block the hellion's attack.
You impale the hellion!!
You kill the hellion!
Makhleb accepts your kill.
You feel better.
You see here a +0 club.
An ice devil comes into view.
You block the ice devil's attack. You block the ice devil's attack.
The ice devil attacks as you move away! You block the ice devil's attack.
Okay, then.
Aiming: Dig
Press: ? - help, Shift-Dir - straight line You can't see that place. [a rock wall.]
You feel a surge of power!
The rock shatters into small pieces.
The now-empty wand crumbles to dust.
The ice devil is struck by your spines.
The ice devil hits you but does no damage.
The ice devil closely misses you.
You puncture the ice devil!
The ice devil is heavily wounded.
You barely miss the ice devil.
The ice devil is heavily wounded.
You block the ice devil's attack.
You puncture the ice devil!
The ice devil is almost dead.
You block the ice devil's attack.
You puncture the ice devil!
You kill the ice devil!
Makhleb accepts your kill.
Magic restored.
You see here 4 stones.
There is a staircase leading out of the dungeon here.
You have escaped!

##########.#.# #.#.########
...........#.# #.#.########
...###.....#.# #........... ...#
#.....#.###########.######## ...#
#.....#...................#
######.....#############.#...#.##
÷................................
####.###.#############.....#.#.#.
# #.###.##≈.#..@# #........... #
##.§#.#(##.#..# #.....#.....
#####...#.#..###.# #...........
...#.#§≈#.###.#..#####.....##....
####.....≈.#.##.##...............
#..#.....####.##.#.###.#.#.....#.
#..#..###..#.#..##.#.............
#...#.#..##..#...#.#.#.#......##.
#..#.#.##.##.##.##.#.#.#########.


There were no monsters in sight!

Vanquished Creatures
  the Royal Jelly (Slime:5)
  5 dread liches
  3 orbs of fire
  4 ancient liches
  Mara (Vaults:3)
  Mennas (Vaults:2)
  2 juggernauts
  Boris (Depths:2)
  The ghost of Osipn the Impregnable, a veteran MiGl of Hepliaklqana (Crypt:2)
  The ghost of Dameikh the Hoplite, a veteran FoFi of Nemelex Xobeh (Depths:2)
  5 Killer Klowns (Zot:5)
  Margery (Vaults:2)
  Saint Roka (D:14)
  A caustic shrike (Depths:3)
  2 curse toes
  Frederick (Vaults:4)
  A Hellbinder (WizLab)
  7 golden dragons
  The ghost of Tiedaj the Slayer, an adept MiBe of Trog (Depths:2)
  3 bone dragons
  Arachne (Spider:2)
  3 electric golems
  12 tentacled monstrosities
  Asterion (Spider:4)
  4 liches
  2 deep elf blademasters (Elf:3)
  2 titans
  Mlioglotl (Spider:2)
  23 Orb Guardians
  Rupert (D:13)
  A walking earthen tome (Depths:3)
  3 quicksilver dragons
  3 deep elf master archers
  15 acid blobs
  Polyphemus (Shoals:2)
  An ancient champion (Crypt:1)
  A sphinx (Vaults:4)
  13 storm dragons
  17 death cobs
  Kirke (D:13)
  10 shadow dragons
  An Executioner (Zot:1)
  11 azure jellies
  4 tengu reavers
  5 revenants
  10 draconian monks
  Donald (Spider:3)
  9 rockslimes
  8 draconian knights
  14 vault wardens
  4 fire giants
  Ilsuiw (Shoals:2)
  A cacodemon (WizLab)
  11 draconian scorchers
  5 emperor scorpions
  7 draconian shifters
  7 deep elf sorcerers
  An orc warlord (Vaults:3)
  Louise (Shoals:3)
  An imperial myrmidon (Desolation)
  5 ghost moths
  9 frost giants
  10 ghouls
  3 draconian stormcallers
  A curse skull (Crypt:2)
  2 deep elf elementalists (Elf:3)
  Aizul (Vaults:1)
  A balrug (WizLab)
  12 ironbound preservers
  4 caustic shrike skeletons
  6 draconian annihilators
  14 stone giants
  15 very ugly things
  3 broodmothers
  2 reapers
  A demonspawn blood saint (WizLab)
  A juggernaut skeleton (Crypt:2)
  A spriggan defender (Depths:3)
  9 black draconians
  8 ironbound thunderhulks
  8 quicksilver oozes
  17 vampire knights
  16 green draconians
  The ghost of bwicke the Carver, a journeyman MeGl of Okawaru (Orc:2)
  7 deep elf demonologists (Elf:3)
  10 yellow draconians
  28 dire elephants
  2 lorocyprocas
  7 entropy weavers
  11 purple draconians
  3 halazid warlocks (Desolation)
  9 red draconians
  19 white draconians
  4 deep elf annihilators (Elf:3)
  A minotaur (Gauntlet)
  A blizzard demon (WizLab)
  5 eidola
  5 merfolk javelineers
  A green death (Depths:2)
  A quicksilver dragon zombie (Crypt:2)
  15 spark wasps
  8 fire dragons
  15 jiangshi
  5 ettins
  8 ragged hierophants (Desolation)
  Josephine (D:15)
  15 deep elf death magi
  9 merfolk impalers
  2 deep elf high priests (Elf:3)
  12 yaktaur captains
  12 servants of whispers
  12 hydras
  8 great orbs of eyes
  11 vault guards
  A hell beast (WizLab)
  20 ice dragons
  2 spriggan air magi
  12 ironbound frosthearts
  2 boulder beetles
  An anaconda (Lair:5)
  7 peacekeepers (Desolation)
  2 rakshasas
  2 alligator snapping turtles (Shoals:4)
  4 catoblepae
  3 jorogumos
  2 naga warriors (Crypt:2)
  2 death knights
  22 centaur warriors
  6 merfolk aquamancers
  6 merfolk avatars
  6 radroaches
  6 two-headed ogres
  16 dancing weapons
  3 satyrs (Shoals:3)
  A bennu skeleton (Crypt:3)
  8 deep troll shamans
  An orc high priest (Orc:2)
  7 tengu warriors
  18 death yaks
  4 spriggan berserkers
  15 vampire magi
  4 deep troll earth magi
  4 hell knights
  A quicksilver ooze zombie (Crypt:3)
  7 soul eaters
  16 deep elf knights
  3 sun demons
  4 shadow wraiths
  2 storm dragon zombies
  Nergalle (D:11)
  A golden dragon zombie (Zot:1)
  9 iron trolls
  An iron giant zombie (Crypt:3)
  4 sixfirhies
  3 pharaoh ants
  24 skeletal warriors
  An anaconda zombie (Crypt:3)
  2 glowing orange brains
  A bog body (Crypt:3)
  A death drake (shapeshifter) (Depths:2)
  A storm dragon skeleton (Crypt:2)
  A bunyip zombie (Crypt:3)
  45 deep trolls
  12 orb spiders
  2 steelbarb worms (Spider:1)
  7 flayed ghosts
  6 sea snakes
  A deep troll (shapeshifter) (Depths:3)
  An orange crystal statue (IceCv)
  An anaconda skeleton (Crypt:1)
  3 shadow demons (WizLab)
  3 tengu zombies
  13 lindwurms
  27 phantasmal warriors
  4 spriggan simulacra
  20 ironbound convokers
  31 deep elf pyromancers
  10 wizards
  12 deep elf archers
  25 deep elf zephyrmancers
  14 harpies
  An iron dragon zombie (Crypt:3)
  12 orc knights
  2 large abominations (Zot:1)
  9 necromancers
  19 wolf spiders
  20 manticores
  39 ugly things
  9 orc sorcerers
  10 cyclopes
  2 sphinx skeletons
  2 frost giant zombies (Depths:2)
  A shadow dragon skeleton (Depths:2)
  28 moths of wrath
  3 shining eyes
  A fire giant zombie (Depths:2)
  12 fauns
  8 merfolk sirens
  A tengu skeleton (Vaults:4)
  3 frost giant skeletons (Depths:2)
  3 black mambas (Lair:5)
  8 elephants
  5 water nymphs
  An iron dragon skeleton (Depths:2)
  2 smoke demons
  2 centaur zombies (Crypt:3)
  4 eyes of devastation
  5 guardian serpents (Desolation)
  3 human skeletons
  A rust devil (WizLab)
  17 vault sentinels
  2 stone giant skeletons
  2 gargoyles
  4 molten gargoyles
  An alligator snapping turtle zombie (Crypt:2)
  13 cane toads
  A hellion (D:1)
  6 torpor snails
  An orange demon (WizLab)
  6 demonic crawlers
  4 ice devils
  A kobold demonologist (D:7)
  3 tormentors (WizLab)
  7 rime drakes
  2 hellwings (WizLab)
  2 efreet
  A freezing wraith (Crypt:1)
  13 komodo dragons
  An unseen horror skeleton (Crypt:1)
  3 tengu conjurers
  32 yaktaurs
  A hydra zombie (Crypt:3)
  2 red devils (WizLab)
  2 harpy zombies (Crypt:3)
  12 trolls
  A white draconian skeleton (Zot:1)
  5 wind drakes
  The ghost of hawkwood the Chopper, an amateur MiAr (D:5)
  9 meliai
  A tyrant leech (Gauntlet)
  8 hornets
  39 merfolk
  A polar bear (shapeshifter) (D:14)
  85 saltlings
  108 slime creatures
  A blink frog (shapeshifter) (D:14)
  A mana viper skeleton (Crypt:1)
  24 tarantellas
  5 blink frogs (Lair:5)
  12 polar bears
  9 dream sheep
  2 deep troll zombies
  2 ettin zombies
  3 black mamba zombies
  9 snapping turtles
  15 culicivoras
  2 spriggan skeletons
  An ettin skeleton (Depths:1)
  A shadow (D:7)
  27 jumping spiders
  2 ynoxinuls (WizLab)
  3 air elementals
  4 flying skulls (Depths:2)
  A vampire (D:9)
  A centaur simulacrum (D:14)
  35 yaks
  26 water elementals
  A yak (shapeshifter) (Elf:1)
  6 basilisks
  5 chaos spawn
  21 fire elementals
  A slime creature zombie (Crypt:1)
  20 wraiths
  6 wyverns
  A human (D:13)
  10 vampire mosquitoes
  A golden eye (Slime:5)
  3 hogs (D:12)
  A neqoxec (WizLab)
  4 minotaur simulacra (Shoals:4)
  A redback simulacrum (D:10)
  A naga zombie (Crypt:3)
  Menkaure (D:6)
  62 redbacks
  5 wargs
  2 acid dragons
  A harpy simulacrum (Crypt:1)
  3 swamp worms (Gauntlet)
  A glowing shapeshifter zombie (Vaults:4)
  A glowing shapeshifter skeleton (Vaults:4)
  An ogre skeleton (Vaults:4)
  22 water moccasins
  A floating eye (Depths:3)
  A floating eye (shapeshifter) (Depths:3)
  A meliai simulacrum (D:15)
  A floating eye zombie (Depths:2)
  15 orc warriors
  A merfolk skeleton (Crypt:3)
  A sky beast (D:7)
  2 ice beasts
  A swamp dragon zombie (Crypt:2)
  8 black bears
  9 ogres
  6 centaurs
  A golden eye zombie (Crypt:3)
  A phantom (D:5)
  3 kobold brigands
  A fire crab zombie (Crypt:2)
  2 human zombies
  A bullfrog (shapeshifter) (Vaults:4)
  9 bullfrogs
  2 gnoll sergeants
  A komodo dragon skeleton (Crypt:1)
  5 scorpions
  A yaktaur skeleton (Crypt:1)
  4 earth elementals
  2 necrophages
  A deep troll simulacrum (Shoals:4)
  A cyclops zombie (Crypt:3)
  4 wights (D:6)
  A lindwurm simulacrum (Shoals:4)
  A troll zombie (Crypt:2)
  2 polar bear skeletons
  2 spriggan zombies
  13 killer bees
  A yak skeleton (Crypt:1)
  6 howler monkeys
  2 jellies
  5 lava snakes (D:11)
  3 hounds
  Crazy Yiuf (D:4)
  14 orc priests
  A gnoll bouda (D:9)
  An iguana (D:5)
  Terence (D:2)
  4 hell rats
  19 orc wizards
  Ijyb (D:4)
  Natasha (thrice) (D:2)
  12 adders
  16 gnolls
  A river rat (D:5)
  A swamp drake skeleton (Crypt:2)
  2 shadow imps
  4 white imps
  2 ufetubi
  3 worms
  3 dart slugs
  59 orcs
  8 bats
  10 endoplasms
  6 giant cockroaches
  8 goblins
  13 hobgoblins
  8 jackals (D:1)
  A quokka (D:5)
  4 ball pythons
  4 frilled lizards
  23 kobolds
  A kobold zombie (Crypt:1)
  An orc zombie (Crypt:1)
  8 rats
2510 creatures vanquished.

Vanquished Creatures (collateral kills)
  Jory (Crypt:3)
  2 tentacled monstrosities
  A storm dragon (Zot:2)
  A ghost moth (Zot:4)
  A draconian shifter (Zot:2)
  An ironbound thunderhulk (Vaults:3)
  A purple draconian (Zot:2)
  A black draconian (Zot:2)
  3 white draconians (Zot:5)
  3 red draconians
  A vault guard (Vaults:3)
  A steelbarb worm (Spider:3)
  A deep troll (Vaults:3)
  An orc knight (Orc:1)
  A wolf spider (Spider:3)
  A large abomination (Zot:1)
  A merfolk siren (Shoals:4)
  A yaktaur (Vaults:3)
  A water elemental (Shoals:4)
24 creatures vanquished.

Vanquished Creatures (others)
  A fire dragon (Depths:3)
  A merfolk aquamancer (Shoals:1)
  A deep elf knight (Elf:2)
  An orb spider (Spider:2)
  2 deep elf zephyrmancers (Elf:2)
  2 manticores
  A polar bear (IceCv)
  A saltling (Desolation)
  A tarantella (Spider:2)
  2 culicivoras
  A jumping spider (Spider:3)
  2 orcs
  3 bushes (D:11)
  32 foxfires
  26 fungi
  5 pillars of salt (Orc:2)
  102 plants
  2 withered plants (Desolation)
186 creatures vanquished.

Grand Total: 2720 creatures vanquished

Notes
Turn   | Place    | Note
-------+----------+-------------------------------------------
     0 | D:1      | sleeves the Demonspawn Cinder Acolyte began the quest for
                  | the Orb.
     0 | D:1      | Reached XP level 1. HP: 18/18 MP: 2/2
   194 | D:1      | HP: 8/18 [goblin/+0 club (2)]
   200 | D:1      | Gained mutation: Your movements are slightly less
                  | encumbered by armour. (ER -2) [demonic ancestry]
   200 | D:1      | Reached XP level 2. HP: 6/24 MP: 3/3
   741 | D:1      | Reached skill level 3 in Polearms
   751 | D:1      | Reached skill level 3 in Fire Magic
   949 | D:1      | Gained mutation: Your touch may inflict minor irresistible
                  | damage on your foes. [demonic ancestry]
   949 | D:1      | Reached XP level 3. HP: 29/29 MP: 5/5
  1491 | D:2      | Noticed Natasha
  1496 | D:2      | Killed Natasha
  1563 | D:2      | Gained mutation: Your demonic aura sometimes causes spilled
                  | blood to erupt in flames. [demonic ancestry]
  1563 | D:2      | Reached XP level 4. HP: 32/35 MP: 6/6
  1589 | D:2      | Noticed Terence
  1590 | D:2      | Found Tozxoz's General Store.
  1797 | D:2      | Noticed Natasha
  1958 | D:2      | Killed Natasha
  1959 | D:2      | Reached skill level 2 in Spellcasting
  1983 | D:2      | Noticed Natasha
  1995 | D:2      | HP: 18/37 [Natasha (6)]
  1999 | D:2      | Killed Natasha
  2117 | D:2      | HP: 17/37 [goblin/sling bullet (5)]
  2118 | D:2      | Reached XP level 5. HP: 19/42 MP: 8/8
  2440 | D:2      | HP: 21/42 [giant cockroach (2)]
  2444 | D:2      | Killed Terence
  2604 | D:2      | Found a faded altar of an unknown god.
  2651 | D:2      | Reached skill level 4 in Polearms
  2655 | D:2      | Found Patag's Book Shoppe.
  2668 | D:2      | Found Butse Zug's Armour Shop.
  2674 | D:2      | Found Tecvuluj's Book Shoppe.
  2687 | D:2      | Found Keaniaca's Weapon Shoppe.
  2968 | D:3      | HP: 21/42 [orc/+0 whip (2)]
  2974 | D:3      | HP: 10/42 [orc wizard/magic dart (5)]
  4027 | D:4      | Reached XP level 6. HP: 43/48 MP: 9/9
  4073 | D:4      | Reached skill level 1 in Shields
  4510 | D:4      | Found a radiant altar of Vehumet.
  4625 | D:4      | Noticed Ijyb
  4632 | D:4      | Killed Ijyb
  4748 | D:4      | Found a runed translucent door.
  4749 | D:4      | Noticed Crazy Yiuf
  4966 | D:4      | Killed Crazy Yiuf
  4967 | D:4      | Reached skill level 5 in Polearms
  5077 | D:5      | Entered Level 5 of the Dungeon
  5137 | D:5      | Reached skill level 2 in Shields
  5213 | D:5      | Noticed an ice beast
  5222 | D:5      | HP: 23/48 [ufetubus (2)]
  5232 | D:5      | HP: 24/48 [ufetubus (1)]
  5463 | D:5      | Identified the +5 ring mail "Qauhoups" {Will+ Str+5 Slay-3}
  5673 | D:5      | Reached XP level 7. HP: 44/53 MP: 10/10
  5782 | D:5      | Reached skill level 3 in Shields
  5812 | D:5      | Found a runed translucent door.
  5814 | D:5      | Noticed hawkwood's ghost (amateur MiAr)
  6087 | D:5      | Found a runed translucent door.
  6145 | D:5      | HP: 26/53 [phantom (5)]
  6155 | D:5      | Reached skill level 6 in Polearms
  6338 | D:5      | Reached skill level 4 in Shields
  6554 | D:6      | Noticed a troll
  6561 | D:6      | Killed a troll
  6562 | D:6      | Reached XP level 8. HP: 55/60 MP: 11/11
  6629 | D:6      | Found a staircase to the Ecumenical Temple.
  6649 | D:6      | Reached skill level 5 in Shields
  6746 | D:6      | Reached skill level 7 in Polearms
  6870 | D:6      | Found a glowing drain.
  6910 | D:6      | Noticed Menkaure
  7001 | Sewer    | Entered a sewer
  7962 | D:6      | Killed Menkaure
  7963 | D:6      | Reached skill level 8 in Polearms
  8030 | D:6      | HP: 25/58 [wight/+0 mace (7)]
  8037 | D:6      | HP: 21/58 [wight/+0 mace (5)]
  8044 | D:6      | HP: 12/60 [wight/+3 battleaxe (10)]
  8533 | D:7      | Reached skill level 9 in Polearms
  8549 | D:7      | Reached XP level 9. HP: 35/65 MP: 12/12
  9096 | D:7      | HP: 31/65 [ogre/+0 giant club (25)]
  9284 | D:7      | Identified the +1 ring mail of Honour {Dex+6}
  9303 | D:7      | Found an opulent altar of Gozag.
  9453 | D:7      | Reached skill level 10 in Polearms
  9617 | D:7      | Noticed a cyclops
  9617 | D:7      | Noticed a kobold demonologist
  9617 | D:7      | Noticed a two-headed ogre
  9617 | D:7      | Noticed a cyclops
  9618 | D:7      | Noticed a boulder beetle
  9618 | D:7      | Noticed a cyclops
  9937 | D:7      | Reached skill level 11 in Polearms
 10005 | D:8      | HP: 29/65 [killer bee (7)]
 10012 | D:8      | HP: 26/65 [killer bee (2)]
 10019 | D:8      | HP: 21/65 [killer bee (6)]
 10021 | D:8      | Reached skill level 1 in Armour
 10024 | D:8      | HP: 10/65 [poisoned by a killer bee]
 10335 | D:8      | Paralysed by a hornet for 1 turns
 10342 | D:8      | Paralysed by a hornet for 2 turns
 10344 | D:8      | HP: 31/65 [hornet (6)]
 10570 | D:8      | Reached skill level 2 in Armour
 10577 | D:8      | HP: 28/65 [killer bee (7)]
 10879 | D:8      | Found Meraes's Antique Weapon Shoppe.
 10897 | D:8      | Reached XP level 10. HP: 50/71 MP: 13/13
 11022 | D:8      | Reached skill level 3 in Armour
 11044 | D:8      | HP: 33/71 [yak (10)]
 11305 | D:8      | Found a shadowy altar of Dithmenos.
 11515 | D:9      | HP: 35/71 [poisoned by a hornet]
 11517 | D:9      | Reached skill level 12 in Polearms
 11517 | D:9      | Reached skill level 4 in Armour
 11520 | D:9      | HP: 30/71 [poisoned by a hornet]
 12299 | D:9      | Reached skill level 5 in Armour
 12439 | D:9      | Found a broken altar of Ashenzari.
 12440 | D:9      | Found an ancient bone altar of Kikubaaqudgha.
 12607 | D:9      | Got Sif Muna's Codex of Creative Clay
 12861 | D:9      | Reached skill level 6 in Armour
 13093 | D:10     | Entered Level 10 of the Dungeon
 13099 | D:10     | Identified the +1 pair of boots "Ajiseuhim" {Rampage Str+2
                  | Dex-4}
 13115 | D:10     | Noticed a gargoyle
 13184 | D:10     | HP: 29/71 [redback simulacrum (9)]
 13184 | D:10     | HP: 7/71 [redback simulacrum (22)]
 13593 | D:10     | Killed a gargoyle
 13594 | D:10     | Reached XP level 11. HP: 49/76 MP: 14/14
 13952 | D:10     | Reached skill level 13 in Polearms
 14283 | D:10     | HP: 37/76 [slime creature (7)]
 14289 | D:10     | HP: 33/76 [slime creature (1)]
 14842 | D:11     | Reached skill level 7 in Armour
 14907 | D:11     | HP: 38/76 [lava snake/glob of lava (10)]
 14914 | D:11     | HP: 22/76 [molten gargoyle/+0 mace (13)]
 14919 | D:11     | HP: 32/76 [molten gargoyle/bolt of magma (9)]
 14958 | D:11     | HP: 36/76 [lava snake (3)]
 14964 | D:11     | HP: 33/76 [lava snake/glob of lava (2)]
 15363 | D:11     | HP: 37/76 [water moccasin (3)]
 15369 | D:11     | HP: 31/76 [water moccasin (4)]
 15863 | D:11     | Noticed Nergalle
 15993 | D:11     | Killed Nergalle
 15994 | D:11     | Reached skill level 8 in Armour
 16284 | D:11     | Found a staircase to the Lair.
 16483 | D:11     | Reached skill level 4 in Fighting
 16566 | D:11     | Reached skill level 1 in Dodging
 16647 | D:11     | Found a portal to a secret trove of treasure.
 17225 | D:11     | Reached skill level 2 in Dodging
 17499 | D:12     | HP: 35/78 [manticore (6)]
 17502 | D:12     | Reached skill level 14 in Polearms
 17508 | D:12     | Reached skill level 5 in Fighting
 17509 | D:12     | Found a staircase to the Orcish Mines.
 17700 | D:12     | Found Kuim's Weapon Emporium.
 17755 | D:12     | Gained mutation: Your touch may inflict irresistible damage
                  | on your foes. [demonic ancestry]
 17755 | D:12     | Reached XP level 12. HP: 78/86 MP: 13/15
 17804 | D:12     | Noticed an eight-headed hydra
 17972 | D:12     | HP: 39/86 [eight-headed hydra (10)]
 18252 | Lair:1   | Entered Level 1 of the Lair of Beasts
 18524 | D:11     | Reached skill level 3 in Dodging
 19071 | Lair:1   | Reached skill level 9 in Armour
 19770 | Lair:2   | Reached skill level 6 in Fighting
 19897 | Lair:2   | Found a hole to the Spider Nest.
 20012 | Lair:2   | Noticed a death yak
 20113 | Lair:2   | Killed a death yak
 20114 | Lair:2   | Reached skill level 4 in Dodging
 20127 | Lair:2   | Noticed a four-headed hydra
 20139 | Lair:2   | Killed a four-headed hydra
 20348 | Lair:2   | Noticed an eight-headed hydra
 20399 | Lair:2   | Found a staircase to the Shoals.
 20692 | Lair:2   | Killed an eight-headed hydra
 20693 | Lair:2   | Reached skill level 5 in Dodging
 20857 | Lair:2   | Noticed a death yak
 20867 | Lair:2   | Reached skill level 7 in Fighting
 20964 | Lair:2   | Killed a death yak
 21133 | Lair:3   | Reached skill level 10 in Armour
 21323 | Lair:3   | Reached skill level 6 in Dodging
 21712 | Lair:4   | Noticed a death yak
 21712 | Lair:4   | Noticed a death yak
 21712 | Lair:4   | Noticed a death yak
 21712 | Lair:4   | Noticed a death yak
 21712 | Lair:4   | Noticed a death yak
 21712 | Lair:4   | Noticed a death yak
 21730 | Lair:3   | Killed a death yak
 21744 | Lair:3   | HP: 35/92 [death yak (15)]
 21752 | Lair:3   | Killed a death yak
 21753 | Lair:3   | Reached skill level 8 in Fighting
 21992 | Lair:4   | Identified the +0 helmet of Catatonia {rPois rF- Dex+4}
 22033 | Lair:4   | Reached XP level 13. HP: 98/98 MP: 16/16
 22045 | Lair:4   | Found a gate leading to a gauntlet.
 22054 | Gauntlet | Entered a Gauntlet
 22054 | Gauntlet | Found a transporter.
 22057 | Gauntlet | Found a transporter.
 22071 | Gauntlet | Found a transporter.
 22076 | Gauntlet | Found a transporter.
 22088 | Gauntlet | Found a transporter.
 22106 | Gauntlet | Found a transporter.
 22119 | Gauntlet | Found a transporter.
 22120 | Gauntlet | Noticed an entropy weaver
 22139 | Gauntlet | Found a transporter.
 22143 | Gauntlet | Found a transporter.
 22151 | Gauntlet | Found a transporter.
 22172 | Gauntlet | Found a transporter.
 22176 | Gauntlet | Found a transporter.
 22265 | Gauntlet | HP: 39/98 [tyrant leech (17)]
 22271 | Gauntlet | HP: 25/98 [swamp worm/harpoon shot (16)]
 22279 | Gauntlet | HP: 46/98 [swamp worm (3)]
 22288 | Gauntlet | HP: 38/98 [tyrant leech (10)]
 22430 | Gauntlet | HP: 48/98 [entropy weaver (7)]
 22433 | Gauntlet | Killed an entropy weaver
 22442 | Gauntlet | Identified the amulet of the Open Hand {Faith +Blink}
 22678 | Gauntlet | Noticed a minotaur
 22690 | Gauntlet | Killed a minotaur
 22704 | Gauntlet | Got the Compendium of Shapes
 22811 | Lair:3   | HP: 46/99 [death yak (12)]
 23187 | Lair:4   | Noticed a dire elephant
 23213 | Lair:3   | Reached skill level 9 in Fighting
 23343 | Lair:4   | Reached skill level 7 in Dodging
 23420 | Lair:4   | Reached skill level 11 in Armour
 23532 | Lair:4   | Reached skill level 10 in Fighting
 23547 | Lair:4   | HP: 37/103 [dire elephant (23)]
 23639 | D:11     | You paid a toll of 7 potions of haste to enter a treasure
                  | trove
 23640 | Trove    | Entered a treasure trove
 23971 | Orc:1    | Entered Level 1 of the Orcish Mines
 24263 | Orc:2    | Entered Level 2 of the Orcish Mines
 24283 | Orc:1    | HP: 45/102 [warg[an orc knight] (6)]
 24785 | Orc:2    | Reached skill level 8 in Dodging
 24839 | Orc:2    | Reached skill level 11 in Fighting
 24986 | Orc:2    | Noticed a stone giant
 25015 | Orc:2    | Gained mutation: You have large cloven feet. [a neqoxec]
 25427 | D:12     | Found a hazy altar of Hepliaklqana.
 25602 | D:13     | Noticed Kirke
 25767 | D:13     | HP: 43/106 [skeletal warrior/+0 dire flail (19)]
 26259 | D:13     | Reached skill level 12 in Fighting
 26259 | D:13     | Gained mutation: You are partially covered in sharp spines.
                  | [demonic ancestry]
 26259 | D:13     | Reached XP level 14. HP: 107/115 MP: 17/17
 26295 | D:13     | You fall into a shaft and drop 2 floors!
 26295 | D:15     | Entered Level 15 of the Dungeon
 26449 | D:14     | Reached skill level 12 in Armour
 26490 | D:14     | Reached skill level 9 in Dodging
 27038 | D:14     | Found Jomenlu's Magic Scroll Emporium.
 27040 | D:14     | HP: 55/115 [eight-headed hydra (13)]
 27262 | D:14     | Bought a scroll of blinking for 127 gold pieces
 27262 | D:14     | Bought 2 scrolls of teleportation for 102 gold pieces
 27587 | D:14     | Found a gate to the Vaults.
 27879 | D:15     | Found a runed translucent door.
 27882 | D:15     | Identified the +7 spear of the Fox {drain, rPois}
 27882 | D:15     | Noticed Jingleheimer's ghost (journeyman FoFi)
 28077 | D:15     | Reached skill level 10 in Dodging
 28283 | D:15     | HP: 50/115 [rakshasa/lance of force (29)]
 28819 | D:15     | Noticed Josephine
 28840 | D:15     | Killed Josephine
 28841 | D:15     | Reached skill level 11 in Dodging
 29123 | D:15     | Found a staircase to the Depths.
 29123 | D:15     | Noticed a stone giant
 29129 | D:15     | Killed a stone giant
 29352 | D:15     | Noticed Roxanne
 29421 | D:14     | Bought a scroll of identify for 34 gold pieces
 29421 | D:14     | Bought a scroll of identify for 34 gold pieces
 29598 | D:15     | Reached skill level 12 in Dodging
 29650 | D:15     | Identified the +5 robe of Inevitability {Harm Str+4 Int+2}
 29790 | D:15     | Found Cadmus's Dragon-Slaying Spoils.
 29922 | D:15     | CougarLife: what muts did you get
 29922 | D:15     | CougarLife: the touch one seems meh
 29922 | D:15     | sleeves: its bad
 29922 | D:15     | CougarLife: cuz you have to have a free hand
 29922 | D:15     | sleeves: yeah
 29922 | D:15     | CougarLife: yeah
 29922 | D:15     | sleeves: its okay
 29922 | D:15     | CougarLife: spines is good if it goes all the way
 29922 | D:15     | sleeves: im trying to think waht god to transfer
 29922 | D:15     | CougarLife: unless it stops you from wearing armor
 29922 | D:15     | CougarLife: why are you wanting to transfer gods lol
 29922 | D:15     | sleeves: cuz ignis runs out of piety and you cant get him
                  | back
 29922 | D:15     | sleeves: hes meant to be abandoned
 29922 | D:15     | CougarLife: oh right
 29922 | D:15     | CougarLife: ignis
 29922 | D:15     | CougarLife: youve only seen those altars so far? wtf
 29922 | D:15     | sleeves: didnt go temple
 29922 | D:15     | sleeves: i think
 29922 | D:15     | CougarLife: oh
 29922 | D:15     | CougarLife: yeah thatl do it
 29922 | D:15     | sleeves: i have +3 in invo so i want a invocation god
 29922 | D:15     | CougarLife: hmm
 29922 | D:15     | CougarLife: makh is fun
 29922 | D:15     | sleeves: yeah i should prolly just do that
 30169 | Temple   | Entered the Ecumenical Temple
 30207 | Temple   | CougarLife: he might be rough
 30211 | Temple   | CougarLife: before you swap
 30214 | Temple   | CougarLife: are you just trying to do 3 runes
 30214 | Temple   | CougarLife: if you are just go oka
 30214 | Temple   | CougarLife: makhleb takes too long to get online imo
 30214 | Temple   | sleeves: 3
 30214 | Temple   | CougarLife: when ur this deep
 30214 | Temple   | sleeves: nah ill get it online in a branch or sometjhing
 30214 | Temple   | CougarLife: surely
 30214 | Temple   | sleeves: hm maybe uskayaw might work
 30217 | Temple   | Fell from the grace of Ignis
 30217 | Temple   | Became a worshipper of Makhleb the Destroyer
 30325 | D:5      | Killed hawkwood's ghost
 30431 | D:2      | Bought +0 gold dragon scales for 960 gold pieces
 30478 | D:2      | Bought a scroll of enchant armour for 90 gold pieces
 30627 | D:7      | Found a bloodstained altar of Trog.
 30657 | D:7      | You fall into a shaft and drop 3 floors!
 31216 | D:14     | Bought a scroll of enchant armour for 127 gold pieces
 31307 | Orc:1    | Killed a stone giant
 31596 | Orc:2    | Reached * piety under Makhleb
 31646 | Orc:2    | Found a runed translucent gate.
 31646 | Orc:2    | Found a runed translucent gate.
 31646 | Orc:2    | Found a runed translucent gate.
 31647 | Orc:2    | Noticed bwicke's ghost (journeyman MeGl)
 31661 | Orc:2    | Found a staircase to the Elven Halls.
 31963 | Orc:2    | Reached skill level 13 in Fighting
 31984 | Orc:2    | HP: 45/118 [orc knight/+2 long sword (15)]
 32259 | Orc:2    | Found Saaruum's Assorted Antiques.
 32265 | Orc:2    | Bought a scroll of enchant weapon for 202 gold pieces
 32279 | Orc:2    | Found Zivyorphi's General Store.
 32293 | Orc:2    | Bought a scroll labelled UVVIHIA IFEFE for 27 gold pieces
 32309 | Orc:2    | Found Xuuta's Antique Armour Boutique.
 32352 | Orc:2    | Gained mutation: Your demonic aura often causes spilled
                  | blood to erupt in flames. [demonic ancestry]
 32352 | Orc:2    | Reached XP level 15. HP: 94/124 MP: 18/18
 32452 | Orc:2    | Found Zeih's Magic Scroll Shop.
 32957 | Orc:2    | CougarLife: is that ignis wrath
 32957 | Orc:2    | sleeves: yeah
 33086 | Orc:2    | CougarLife: are you in orc2 with his wrath lol ur fucking
                  | insane
 33086 | Orc:2    | sleeves: it doesnt do anything lol
 33123 | Orc:2    | CougarLife: rf0
 33413 | Orc:1    | sleeves: yeah
 33413 | Orc:1    | sleeves: its okay
 33413 | Orc:1    | CougarLife: yeah ok buddy
 33660 | Spider:1 | Entered Level 1 of the Spider Nest
 33679 | Lair:2   | Reached ** piety under Makhleb
 33894 | Lair:2   | You fall into a shaft and drop 1 floor!
 33894 | Lair:3   | Was forgiven by Ignis
 33898 | Lair:3   | sleeves: its gone
 33898 | Lair:3   | CougarLife: oh nice
 34053 | Lair:2   | CougarLife: he dropped u into lair 3 tho lol
 34055 | Spider:1 | CougarLife: thats funny
 34072 | Lair:2   | sleeves: lol
 34165 | Spider:1 | sleeves: oh yah no
 34165 | Spider:1 | sleeves: of course there a snail
 34165 | Spider:1 | sleeves: this thing is gonna murder me
 34166 | Spider:1 | CougarLife: tp
 34166 | Spider:1 | CougarLife: something
 34166 | Spider:1 | CougarLife: anything
 34327 | Spider:1 | Reached skill level 14 in Fighting
 34604 | Spider:1 | Reached *** piety under Makhleb
 34823 | Spider:2 | CougarLife: LMAO
 34834 | Spider:1 | CougarLife: perfectly rotating that OOD cd
 34835 | Spider:1 | Reached skill level 13 in Armour
 34835 | Spider:1 | Reached skill level 13 in Dodging
 34871 | Spider:1 | sleeves: i was thinking about it
 34871 | Spider:1 | sleeves: but nah
 34871 | Spider:1 | sleeves: they were ready
 35132 | Spider:2 | Noticed an emperor scorpion
 35183 | Spider:2 | Noticed Arachne
 35340 | Spider:1 | Killed an emperor scorpion
 35521 | Spider:2 | Noticed an emperor scorpion
 35626 | Spider:1 | Killed an emperor scorpion
 35844 | Spider:2 | Killed Arachne
 35845 | Spider:2 | Reached skill level 1 in Invocations
 35850 | Spider:2 | Reached skill level 15 in Fighting
 35888 | Spider:2 | Reached skill level 2 in Invocations
 35929 | Spider:2 | Noticed an emperor scorpion
 35942 | Spider:2 | HP: 60/129 [emperor scorpion (6)]
 35949 | Spider:2 | Killed an emperor scorpion
 36321 | Spider:2 | HP: 59/129 [spark wasp (16)]
 36350 | Spider:2 | Reached skill level 3 in Invocations
 36920 | Spider:2 | Reached **** piety under Makhleb
 37090 | Spider:2 | Noticed Mlioglotl
 37100 | Spider:2 | Killed Mlioglotl
 37101 | Spider:2 | Reached skill level 4 in Invocations
 37856 | Spider:3 | Gained mutation: Your movements are less encumbered by
                  | armour. (ER -4) [demonic ancestry]
 37856 | Spider:3 | Reached XP level 16. HP: 137/137 MP: 19/19
 37894 | Spider:3 | Reached skill level 5 in Invocations
 38313 | Spider:3 | Reached skill level 16 in Fighting
 38592 | Spider:3 | CougarLife: ouch
 38600 | Spider:3 | Reached ***** piety under Makhleb
 38601 | Spider:3 | Reached skill level 6 in Invocations
 38885 | Spider:4 | Entered Level 4 of the Spider Nest
 39027 | Spider:3 | CougarLife: are you wearing plate
 39029 | Spider:4 | HP: 68/138 [radroach (51)]
 39037 | Spider:3 | HP: 43/138 [radroach (27)]
 39039 | Spider:3 | sleeves: jesus
 39039 | Spider:3 | CougarLife: monkagiga
 39039 | Spider:3 | CougarLife: that roach be blastin
 39058 | Spider:3 | Gained mutation: You do not regenerate when monsters are
                  | visible. [mutagenic glow]
 39356 | Spider:3 | sleeves: yeah genius idea to add those
 39356 | Spider:3 | sleeves: into spiders
 39356 | Spider:3 | sleeves: as if it wasnt bad enough
 39394 | Spider:4 | sleeves: oh
 39394 | Spider:4 | sleeves: did i just die
 39394 | Spider:4 | sleeves: oh my..
 39428 | Spider:3 | Reached skill level 14 in Dodging
 39430 | Spider:3 | Reached skill level 14 in Armour
 39706 | Spider:4 | sleeves: got the fucking firing squad
 39706 | Spider:4 | sleeves: all ready
 39785 | Spider:4 | Noticed Donald
 39788 | Spider:4 | HP: 66/139 [poisoned by a meliai]
 39793 | Spider:3 | HP: 51/139 [poisoned by a meliai]
 39798 | Spider:3 | HP: 47/139 [poisoned by a meliai]
 40267 | Spider:4 | Reached skill level 7 in Invocations
 40388 | Spider:3 | Killed Donald
 40561 | Spider:4 | Identified the +1 scale mail of Irioseg {rPois Str-4 Dex+5
                  | SInv}
 40962 | Spider:4 | Noticed Asterion
 40985 | Spider:4 | Killed Asterion
 41412 | Spider:4 | Reached skill level 8 in Invocations
 41621 | Spider:4 | HP: 64/139 [spark wasp (19)]
 41622 | Spider:4 | HP: 28/139 [spark wasp (16)]
 41865 | Spider:4 | sleeves: oh also im wearing gda
 41865 | Spider:4 | sleeves: sorry
 41865 | Spider:4 | sleeves: forgot to respond to that
 41924 | Spider:4 | Lost dexterity.
 41927 | Spider:4 | HP: 69/139 [emperor scorpion (3)]
 42098 | Spider:3 | sleeves: omg lol he stat drained me
 42098 | Spider:3 | sleeves: im clumsy
 42170 | Shoals:1 | Entered Level 1 of the Shoals
 42870 | Shoals:1 | Reached skill level 6 in Shields
 43687 | Shoals:2 | Noticed Polyphemus
 43706 | Shoals:2 | Reached ****** piety under Makhleb
 43716 | Shoals:2 | Killed Polyphemus
 43789 | Shoals:2 | Gained mutation: Your touch may irresistibly damage your
                  | foes and sap their willpower. [demonic ancestry]
 43789 | Shoals:2 | Reached XP level 17. HP: 146/146 MP: 23/23
 43798 | Shoals:2 | Reached skill level 9 in Invocations
 44156 | Shoals:2 | Noticed Ilsuiw
 44169 | Shoals:2 | Killed Ilsuiw
 44575 | Shoals:2 | Reached skill level 17 in Fighting
 44882 | Shoals:3 | HP: 72/147 [merfolk javelineer/javelin (14)]
 44891 | Shoals:3 | HP: 51/147 [merfolk javelineer/javelin (22)]
 45630 | Orc:2    | Killed bwicke's ghost
 46669 | Shoals:3 | Reached skill level 7 in Shields
 46669 | Shoals:3 | Reached skill level 10 in Invocations
 46783 | Shoals:3 | Reached skill level 1 in Throwing
 46868 | Shoals:3 | Identified the +1 quarterstaff of an ossuary {vorpal, rElec
                  | Int+3}
 47186 | Shoals:3 | Reached skill level 2 in Throwing
 47296 | Shoals:3 | Reached skill level 15 in Armour
 47296 | Shoals:3 | Reached skill level 15 in Dodging
 47410 | Shoals:4 | Entered Level 4 of the Shoals
 47410 | Shoals:4 | Noticed Louise
 47438 | Shoals:3 | Killed Louise
 47651 | Shoals:4 | HP: 63/147 [alligator snapping turtle (34)]
 47655 | Shoals:4 | Reached skill level 3 in Throwing
 47800 | Shoals:4 | Found a frozen archway.
 47853 | Shoals:4 | HP: 73/147 [minotaur simulacrum (11)]
 47854 | Shoals:4 | HP: 36/147 [spriggan defender simulacrum (11)]
 47891 | Shoals:4 | Reached skill level 4 in Throwing
 47897 | Shoals:4 | Reached skill level 11 in Invocations
 47915 | IceCv    | Entered an ice cave
 47937 | IceCv    | Reached skill level 5 in Throwing
 47944 | IceCv    | Reached skill level 8 in Shields
 48399 | IceCv    | Reached skill level 6 in Throwing
 48596 | IceCv    | Reached skill level 12 in Invocations
 48871 | IceCv    | Reached skill level 7 in Throwing
 48871 | IceCv    | Gained mutation: You are mostly covered in sharp spines.
                  | [demonic ancestry]
 48871 | IceCv    | Reached XP level 18. HP: 147/154 MP: 27/27
 49037 | Shoals:4 | Got a barnacled rune of Zot
 49515 | Shoals:4 | Reached skill level 9 in Shields
 49693 | Shoals:4 | Reached skill level 8 in Throwing
 49835 | Shoals:4 | HP: 76/154 [poisoned by a sea snake]
 49840 | Shoals:4 | HP: 77/154 [poisoned by a sea snake]
 50185 | Shoals:4 | Found Fuluxit's Antique Armour Shop.
 50317 | Shoals:4 | Identified the ring of Roiluc {Str+3 Dex+6}
 50339 | Shoals:4 | Got Maczes's Guidebook on Ruinous Flames
 50762 | Shoals:4 | Reached skill level 13 in Invocations
 50848 | Shoals:4 | Got the Teachings on Polar Transmigration
 51103 | D:13     | Killed Kirke
 51160 | D:13     | Noticed Rupert
 51161 | D:13     | CougarLife: oh no
 51161 | D:13     | CougarLife: net him and run
 51174 | D:13     | Killed Rupert
 51177 | D:13     | CougarLife: bold as fuck
 51177 | D:13     | CougarLife: when he has an exe
 51177 | D:13     | sleeves: he cant see invs
 51177 | D:13     | sleeves: he dog water
 51417 | D:13     | CougarLife: he could still kill u swinging that axe
 51471 | D:13     | sleeves: idk i got good ac and shield
 51471 | D:13     | sleeves: and spiny and good damage
 51472 | D:13     | CougarLife: exe tho
 51551 | D:13     | CougarLife: exe scary
 51584 | D:14     | CougarLife: wait show muts again
 51771 | D:15     | Reached skill level 10 in Throwing
 51771 | D:15     | Gained mutation: You punish those that try to bend your
                  | will. (Will+) [demonic ancestry]
 51771 | D:15     | Reached XP level 19. HP: 161/161 MP: 28/28
 51772 | D:15     | sleeves: sick mut
 51772 | D:15     | sleeves: +will
 51774 | D:15     | CougarLife: oh wtf u have less encumbrance thats sick
 51774 | D:15     | sleeves: yeah
 51774 | D:15     | sleeves: thats why im going gda
 51774 | D:15     | CougarLife: ye
 51774 | D:15     | sleeves: oh so
 51774 | D:15     | sleeves: this willpower one turns into hurl damnation
 51774 | D:15     | sleeves: that should be fun..
 51774 | D:15     | CougarLife: neat
 51774 | D:15     | sleeves: and tormnet reisst
 51774 | D:15     | sleeves: resist
 51825 | Vaults:1 | Entered Level 1 of the Vaults
 51829 | Vaults:1 | Noticed Saint Roka
 51837 | D:14     | Reached skill level 11 in Throwing
 51904 | D:14     | HP: 59/161 [Saint Roka/+0 vorpal broad axe (27)]
 51905 | D:14     | Killed Saint Roka
 52932 | Spider:4 | Got a gossamer rune of Zot
 53352 | Vaults:1 | Reached skill level 10 in Shields
 53478 | Vaults:1 | Reached skill level 14 in Invocations
 53547 | Vaults:1 | Noticed Aizul
 53554 | Vaults:1 | Reached skill level 12 in Throwing
 53561 | Vaults:1 | Killed Aizul
 54218 | Vaults:1 | Reached skill level 15 in Invocations
 54272 | Vaults:1 | Reached skill level 11 in Shields
 54404 | Vaults:1 | Reached XP level 20. HP: 165/165 MP: 31/31
 54968 | Vaults:2 | Reached skill level 13 in Throwing
 54971 | Vaults:2 | HP: 83/168 [dire elephant (5)]
 55480 | Vaults:2 | Noticed Mennas
 55497 | Vaults:2 | HP: 78/168 [Mennas/+4 trishula of holy wrath (14)]
 56117 | Vaults:2 | Reached skill level 16 in Invocations
 56623 | Vaults:2 | Found Tauroycs's General Store.
 56650 | Vaults:2 | HP: 73/168 [Mennas/+4 trishula of holy wrath (13)]
 56656 | Vaults:2 | Killed Mennas
 56657 | Vaults:2 | Reached skill level 12 in Shields
 57147 | Vaults:2 | Found a staircase to the Crypt.
 57147 | Vaults:2 | Found an ancient bone altar of Kikubaaqudgha.
 57180 | Vaults:2 | Found a basalt altar of Yredelemnul.
 57311 | Vaults:2 | Noticed Margery
 57326 | Vaults:2 | Killed Margery
 57850 | Vaults:3 | HP: 76/168 [centaur warrior/arrow (11)]
 58228 | Vaults:3 | Reached skill level 14 in Throwing
 58495 | Vaults:3 | Reached skill level 15 in Polearms
 59071 | Vaults:3 | Noticed Mara
 59138 | Vaults:3 | Noticed sleeves's illusion
 59149 | Vaults:3 | HP: 75/168 [sleeves's illusion (illusionary)[Mara] (15)]
 59408 | Vaults:3 | Killed Mara
 59838 | Vaults:3 | Gained mutation: You are resistant to unholy torment.
                  | [demonic ancestry]
 59838 | Vaults:3 | Reached XP level 21. HP: 162/174 MP: 23/33
 59944 | Vaults:3 | Reached skill level 13 in Shields
 60220 | Vaults:4 | Identified the +4 chain mail of Kikubaaqudgha's Regard {rC+
                  | Will++ Stlth+}
 60413 | Vaults:4 | Found a crumbling gateway.
 60420 | Desolati | Entered the Desolation of Salt
 60538 | Desolati | Identified the +2 leather armour of Noziwop {Rampage rElec
                  | Str-2 Dex+4}
 60605 | Desolati | Found the +7 Spriggan's Knife {stab, EV+4 Stlth+}
 60623 | Desolati | Identified the ring "Hipizi" {Dex+4 SInv}
 60625 | Desolati | Acquired 714 gold pieces
 61104 | Desolati | HP: 83/174 [servant of whispers/bolt of lightning (30)]
 61341 | Desolati | Identified the +1 ring mail of a ziggurat {-Tele rC+ rN+++
                  | rCorr Stlth-}
 61358 | Desolati | Identified the +4 kite shield "Zaetac" {rN++ Str+6 Slay-5}
 61420 | Desolati | Identified the +1 robe of the Devil's Team {Harm Drain
                  | Dex+5}
 61462 | Desolati | Reached skill level 15 in Throwing
 61552 | Desolati | Identified the +2 plate armour "Neniog" {Slay+3}
 61630 | Desolati | Identified the ring "Wulemas" {Int+6 Dex+7}
 61683 | Desolati | Reached skill level 16 in Polearms
 62104 | Desolati | Got the Vellum of the Summer
 62176 | Desolati | Reached skill level 14 in Shields
 63311 | Vaults:4 | Noticed Frederick
 63323 | Vaults:4 | Killed Frederick
 63699 | Vaults:4 | Noticed an ancient lich
 63733 | Vaults:4 | Killed an ancient lich
 63734 | Vaults:4 | Reached skill level 16 in Throwing
 63798 | Vaults:4 | Identified the +5 rapier of Wuelyqut {speed, *Corrode rPois
                  | Int+2}
 63804 | Vaults:4 | HP: 82/174 [tengu reaver/bolt of cold (15)]
 63806 | Vaults:4 | Reached skill level 15 in Shields
 63808 | Vaults:4 | CougarLife: have the muts progresse d
 63963 | Vaults:4 | sleeves: not yet
 64069 | Vaults:4 | CougarLife: ah you cant wear gloves anymore
 64069 | Vaults:4 | CougarLife: cringe
 64088 | Vaults:4 | Gained mutation: You can hurl damnation. [demonic ancestry]
 64088 | Vaults:4 | Reached XP level 22. HP: 138/176 MP: 34/34
 64088 | Vaults:4 | sleeves: hm there it is
 64088 | Vaults:4 | sleeves: i can hurl damnation
 64088 | Vaults:4 | CougarLife: nice
 64108 | Vaults:4 | CougarLife: for free?
 64115 | Vaults:4 | CougarLife: what was the cost on that?
 64115 | Vaults:4 | CougarLife: hp?
 64115 | Vaults:4 | sleeves: l5% hp
 64117 | Vaults:4 | CougarLife: oh jeez that aint worth
 64120 | Vaults:4 | CougarLife: thats scary
 64120 | Vaults:4 | sleeves: yea it is
 64120 | Vaults:4 | sleeves: cuz im mak
 64120 | Vaults:4 | CougarLife: oh true
 64120 | Vaults:4 | sleeves: i can chunk some dudes than heal
 64123 | Vaults:4 | HP: 63/180 [stone giant (30)]
 64125 | Vaults:4 | HP: 21/180 [stone giant (25)]
 64126 | Vaults:4 | CougarLife: what lvl is ur invo
 64429 | Vaults:4 | sleeves: 16
 64429 | Vaults:4 | CougarLife: not bad
 64490 | Vaults:4 | CougarLife: are you using the minor destruction
 64495 | Vaults:4 | sleeves: nah
 64495 | Vaults:4 | sleeves: its too late for it to be good
 64784 | Elf:1    | Entered Level 1 of the Elven Halls
 64816 | Elf:1    | Found Riengy's Weapon Shoppe.
 64835 | Elf:1    | CougarLife: its not
 64919 | Elf:1    | CougarLife: its free damage on melee mobs as they approach
 64948 | Elf:1    | CougarLife: literally just free
 64948 | Elf:1    | sleeves: i got rangs
 64948 | Elf:1    | CougarLife: aight well
 64948 | Elf:1    | sleeves: almost 17 throw
 64948 | Elf:1    | CougarLife: u aint gonna apply acid with rangs
 64948 | Elf:1    | Paralysed by an air elemental for 1 turns
 64954 | Elf:1    | CougarLife: bitch
 64975 | Elf:1    | Reached skill level 17 in Throwing
 65147 | Elf:1    | CougarLife: you are tabbing awfully confidently
 65156 | Elf:1    | sleeves: oh my
 65156 | Elf:1    | CougarLife: oh thats not good
 65160 | Elf:1    | CougarLife: time to get outa here
 65160 | Elf:1    | HP: 85/181 [deep elf zephyrmancer/bolt of lightning (22)]
 66024 | Elf:2    | Paralysed by an air elemental for 1 turns
 66265 | Elf:2    | Found a huge runed translucent gate.
 66265 | Elf:2    | Found a huge runed translucent gate.
 66265 | Elf:2    | Found a huge runed translucent gate.
 66265 | Elf:2    | Found a huge runed translucent gate.
 66265 | Elf:2    | Found a huge runed translucent gate.
 66332 | Elf:2    | HP: 82/181 [deep elf zephyrmancer/bolt of lightning (33)]
 66872 | Elf:2    | Reached skill level 18 in Throwing
 66948 | Elf:2    | Got the Incunabulum of Congregated Blows and Bruises
 67020 | Elf:2    | Found Zyj Bale's Assorted Antiques.
 67040 | Elf:2    | HP: 79/179 [deep elf zephyrmancer/bolt of lightning (18)]
 67340 | Elf:2    | Bought a potion of cancellation for 192 gold pieces
 67340 | Elf:2    | Bought a scroll of teleportation for 72 gold pieces
 67424 | Elf:3    | Entered Level 3 of the Elven Halls
 67640 | Elf:3    | Paralysed by an air elemental for 1 turns
 67644 | Elf:3    | Paralysed by an air elemental for 1 turns
 68005 | Elf:3    | sleeves: bruh
 68005 | Elf:3    | sleeves: this shit is smackin
 68012 | Elf:3    | sleeves: i heal off of it
 68012 | Elf:3    | sleeves: so its not a big deal
 68012 | Elf:3    | sleeves: its so good
 68209 | Elf:2    | sleeves: 3d42
 68230 | Elf:3    | CougarLife: wtf
 68246 | Elf:3    | CougarLife: damnation is 3d42?
 68265 | Elf:3    | sleeves: lol
 68265 | Elf:3    | sleeves: it one shots
 68265 | Elf:3    | sleeves: the elves
 68446 | Elf:3    | CougarLife: bro ur crazy for throwing it out twice on one
                  | guy
 68814 | Elf:2    | CougarLife: RELAX
 68816 | Elf:3    | CougarLife: ur gettin too whacky
 68816 | Elf:3    | sleeves: im a demon
 68818 | Elf:3    | CougarLife: and now ur fuckin dead
 68822 | Elf:3    | Reached skill level 17 in Invocations
 68873 | Elf:3    | Identified the +9 flail of the Beast {holy, Str+7}
 68873 | Elf:3    | Identified the +1 steam dragon scales "Jesae" {Will+ Str+4}
 68873 | Elf:3    | Identified the amulet "Gudo" {Faith -Tele rElec rN+ Int+2}
 68877 | Elf:3    | CougarLife: gettin a lil silly with the damnation
 68909 | Elf:3    | Identified the ring "Sucuu" {rPois rF+}
 69023 | Elf:3    | CougarLife: do you still have -regen near enemies
 69023 | Elf:3    | sleeves: im the raid boss
 69023 | Elf:3    | sleeves: yeah
 69023 | Elf:3    | sleeves: i figured its not worth mut pot for
 69023 | Elf:3    | CougarLife: guess its not bad if they just frame 1 die of
                  | damnation lol
 69023 | Elf:3    | sleeves: since mak heals me
 69174 | Elf:3    | sleeves: im having way too much fun
 69174 | Elf:3    | sleeves: rn
 69185 | Elf:3    | CougarLife: go for 15
 69187 | Elf:3    | HP: 64/183 [deep elf annihilator/poison arrow (4)]
 69192 | Elf:2    | HP: 58/183 [poisoned by a deep elf annihilator (poison
                  | arrow)]
 69196 | Elf:2    | sleeves: naah
 69546 | Elf:3    | Identified the ring "Fufemoix" {Wiz Fly rF- MP+9 Slay+5}
 69574 | Elf:3    | CougarLife: wait
 69574 | Elf:3    | sleeves: throwing is so good
 69574 | Elf:3    | sleeves: with the ignite blood
 69575 | Elf:3    | CougarLife: i thought the fire blood was your own blood
 69579 | Elf:3    | sleeves: its all blood
 69581 | Elf:3    | CougarLife: oh thats sick
 69621 | Elf:3    | sleeves: yeah
 69632 | Elf:3    | Reached skill level 18 in Fighting
 69643 | Elf:3    | CougarLife: sheeeeesh
 69648 | Elf:3    | CougarLife: the double damnation
 69673 | Elf:3    | CougarLife: lmao
 69673 | Elf:3    | sleeves: crazy
 69683 | Elf:3    | CougarLife: ofc its somethin useful
 69683 | Elf:3    | sleeves: this is THE game
 69683 | Elf:3    | CougarLife: yeah the game to go 15
 69684 | Elf:3    | CougarLife: coward
 69687 | Elf:3    | sleeves: i a
 69687 | Elf:3    | sleeves: an
 69687 | Elf:3    | sleeves: am
 69687 | Elf:3    | sleeves: i just want the oneandwon
 69688 | Elf:3    | Got the Vellum of Evolution and the Map
 69689 | Elf:3    | CougarLife: well this is easily a 3 rune win
 69689 | Elf:3    | sleeves: yeah
 69689 | Elf:3    | CougarLife: damnation too strong
 69689 | Elf:3    | CougarLife: ur gonna crunch in zot
 69691 | Elf:3    | CougarLife: with that
 69694 | Elf:3    | Identified the +4 dagger of Quamoac {vorpal, rN++ Will+}
 69728 | Elf:3    | Identified the +1 pair of gloves "Foutunwi" {Fly rF+}
 69823 | Elf:3    | Found Poomnautz's Book Boutique.
 69882 | Elf:3    | Found Risti's Magic Scroll Boutique.
 69883 | Elf:3    | CougarLife: do u have silver rangs/javs?
 69901 | Elf:3    | Found Peschiji's Magic Scroll Shoppe.
 69906 | Elf:3    | Bought a scroll of enchant weapon for 90 gold pieces
 69906 | Elf:3    | Bought a scroll of magic mapping for 90 gold pieces
 69906 | Elf:3    | Bought a scroll of teleportation for 36 gold pieces
 69906 | Elf:3    | sleeves: no relec is a problem
 69906 | Elf:3    | sleeves: i do
 69906 | Elf:3    | sleeves: 13
 69906 | Elf:3    | CougarLife: aw youre chillin
 70031 | Elf:3    | CougarLife: OOF will be ez
 70031 | Elf:3    | CougarLife: only rf+ kinda spooky
 70225 | Depths:1 | Entered Level 1 of the Depths
 70384 | Depths:1 | Reached skill level 18 in Invocations
 70429 | Depths:1 | Found a one-way gate leading to the halls of Pandemonium.
 70683 | Depths:1 | Found a gateway to Hell.
 70729 | Depths:1 | Reached XP level 23. HP: 190/190 MP: 36/36
 70752 | Depths:1 | CougarLife: never seen somebody have an easier depths
 70984 | Depths:1 | Identified the +6 hand axe of Equilibrium {drain, rElec
                  | Int+7 Dex-5}
 71020 | Depths:1 | Found a one-way gate to the infinite horrors of the Abyss.
 71252 | Depths:1 | Reached skill level 16 in Armour
 71299 | Depths:2 | Found a runed translucent gate.
 71299 | Depths:2 | Found a runed translucent gate.
 71299 | Depths:2 | Found an ancient bone altar of Kikubaaqudgha.
 71299 | Depths:2 | Found a runed translucent gate.
 71299 | Depths:2 | Noticed Dameikh's ghost (veteran FoFi)
 71299 | Depths:2 | Noticed Tiedaj's ghost (adept MiBe)
 71299 | Depths:2 | Noticed an ancient lich
 71303 | Depths:2 | Noticed a dread lich
 71352 | Depths:2 | CougarLife: spooky
 71382 | Depths:2 | HP: 96/192 [flayed ghost/flay_damage (30)]
 71413 | Depths:2 | sleeves: might have to get off the gda
 71765 | Elf:3    | sleeves: hm idk
 72048 | Depths:2 | HP: 80/179 [ice dragon/blast of cold (10)]
 72054 | Depths:2 | HP: 68/180 [ice dragon/blast of cold (3)]
 72505 | Depths:2 | Reached skill level 19 in Invocations
 72786 | Depths:2 | sleeves: should i do it
 73184 | Depths:2 | Killed Tiedaj's ghost
 73184 | Depths:2 | HP: 84/184 [green death/bolt of poison[a dread lich] (2)]
 73185 | Depths:2 | Killed a dread lich
 73186 | Depths:2 | Killed Dameikh's ghost
 73187 | Depths:2 | Killed an ancient lich
 73188 | Depths:2 | Reached skill level 19 in Fighting
 73190 | Depths:1 | sleeves: fkn wild man
 73190 | Depths:1 | sleeves: LOL
 73746 | Depths:2 | Reached skill level 17 in Armour
 73776 | Depths:2 | HP: 85/194 [flayed ghost/flay_damage (27)]
 73807 | Depths:2 | Noticed Boris
 73816 | Depths:2 | HP: 62/194 [disintegration (74)]
 73817 | Depths:2 | Killed Boris
 74176 | Depths:2 | Identified the ring "Daesagups" {rElec rC++ rN+ MP+9
                  | Stlth-}
 74177 | Depths:2 | sleeves: ooh fk yes
 74177 | Depths:2 | sleeves: it was worth it
 74187 | Depths:2 | Identified the +2 pair of boots of the Solstice {rF++}
 74199 | Depths:2 | sleeves: i mean the vault did have 3 ghosts and 2 liches
                  | but damn
 74218 | Depths:2 | Got Kikubaaqudgha's Lessons on Maleficent Mysteries
 74264 | Depths:2 | sleeves: i mean technically i could go for 15 i have necro
                  | mut and everything
 74264 | Depths:2 | sleeves: but id have to train it
 74266 | Depths:2 | CougarLife: dont ds have +1 necro
 74434 | Depths:3 | CougarLife: training transmut would be a bitch tho
 74549 | Depths:3 | CougarLife: are there mobs unaffected by damnation?
 74549 | Depths:3 | sleeves: yeah
 74549 | Depths:3 | CougarLife: what are they
 74549 | Depths:3 | sleeves: the ones that throw damnation
 74613 | Depths:3 | CougarLife: oh
 74613 | Depths:3 | CougarLife: LOL
 74669 | Depths:3 | CougarLife: so are you unaffected by it then?
 74711 | Depths:3 | sleeves: nope i still get hit
 74713 | Depths:3 | Paralysed by a floating eye for 3 turns
 74715 | Depths:3 | CougarLife: cringe
 74872 | Depths:3 | Noticed a juggernaut
 74881 | Depths:3 | Found Notus's Armour Boutique.
 74883 | Depths:3 | CougarLife: spooky
 75089 | Depths:3 | sleeves: uh
 75089 | Depths:3 | CougarLife: well
 75089 | Depths:3 | CougarLife: might have found your replacement armor
 75089 | Depths:3 | CougarLife: lol
 75089 | Depths:3 | CougarLife: if you can find enough rc anyway
 75089 | Depths:3 | CougarLife: wait press % again
 75089 | Depths:3 | CougarLife: not worth
 75089 | Depths:3 | CougarLife: you dont need it
 75089 | Depths:3 | CougarLife: ur good
 75089 | Depths:3 | sleeves: but i could cast in it
 75089 | Depths:3 | CougarLife: ??
 75170 | Depths:3 | Found Gitaval's Jewellery Emporium.
 75171 | Depths:3 | CougarLife: why cant you cast in what you have now
 75173 | Depths:3 | Found Naugic's Book Boutique.
 75175 | Depths:3 | Found Itho's Jewellery Emporium.
 75181 | Depths:3 | CougarLife: dont you have like lvl 24 armor or some shit
 75181 | Depths:3 | CougarLife: also you have minus 4 encumbrance
 75181 | Depths:3 | sleeves: it still has too high encumbrance
 75181 | Depths:3 | sleeves: its like 19
 75185 | Depths:3 | CougarLife: yeah but youre close to getting that negated by
                  | armor lvl no?
 75185 | Depths:3 | sleeves: i dont think armor negates it completely
 75185 | Depths:3 | sleeves: you need enough str
 75185 | Depths:3 | CougarLife: wtf
 75185 | Depths:3 | sleeves: and int
 75185 | Depths:3 | CougarLife: cringe
 75185 | Depths:3 | CougarLife: yeah u prolly wont get enough str
 75185 | Depths:3 | Bought the ring "Koebink" {rC+ Will+ MP+9 Int+3} for 918
                  | gold pieces
 75188 | Depths:3 | sleeves: maybe
 75188 | Depths:3 | CougarLife: idk if you can make it work it might be worth
 75197 | Depths:3 | Learned a level 8 spell: Necromutation
 75207 | Depths:3 | Learned a level 9 spell: Death's Door
 75214 | Depths:3 | Learned a level 6 spell: Death Channel
 75214 | Depths:3 | CougarLife: oh ur actually gonna go for 15 lol
 75214 | Depths:3 | sleeves: ima see
 75214 | Depths:3 | sleeves: i need antimagic or spectral pole
 75214 | Depths:3 | CougarLife: just take ur achievemet
 75353 | Depths:3 | CougarLife: p sure there was a +5 spectral bardiche earlier
 75367 | Depths:3 | Reached skill level 20 in Invocations
 75371 | Depths:3 | Reached skill level 1 in Necromancy
 75474 | Depths:3 | sleeves: yeah but 2h
 75474 | Depths:3 | CougarLife: glaives are 2h?
 75474 | Depths:3 | sleeves: i need demon trident
 75474 | Depths:3 | CougarLife: cringe
 75474 | Depths:3 | CougarLife: whats special about demon trident
 75474 | Depths:3 | sleeves: double damage basically i think
 75474 | Depths:3 | CougarLife: wut
 75474 | Depths:3 | CougarLife: demon weapons do 2x?
 75474 | Depths:3 | sleeves: no spectral
 75480 | Depths:3 | CougarLife: oh
 75485 | Depths:3 | CougarLife: wel yeah
 75485 | Depths:3 | CougarLife: duh
 75523 | Depths:3 | Reached skill level 2 in Necromancy
 75531 | Depths:3 | Identified the +0 great sword "Zyfrir" {antimagic, rElec
                  | Dex+2 SInv Stlth-}
 75540 | Depths:3 | CougarLife: those walking books are scary man
 75547 | Depths:3 | sleeves: they are
 75558 | Depths:3 | CougarLife: you shoulda checked what he had before just
                  | tabbing him like that
 75569 | Depths:3 | Killed a juggernaut
 75677 | Depths:3 | Noticed a caustic shrike
 75682 | Depths:3 | CougarLife: antimagic great sword
 75686 | Depths:3 | Reached skill level 3 in Necromancy
 75698 | Depths:3 | CougarLife: why the fuck is there a shrike here
 75704 | Depths:3 | CougarLife: jesus christ
 75705 | Depths:3 | HP: 88/194 [hell knight/+5 vorpal glaive (14)]
 75709 | Depths:3 | CougarLife: tp
 75709 | Depths:3 | CougarLife: tp
 75709 | Depths:3 | CougarLife: tp
 75709 | Depths:3 | CougarLife: tp
 75709 | Depths:3 | CougarLife: tp
 75709 | Depths:3 | sleeves: relax
 75709 | Depths:3 | CougarLife: u gotta get outa here somehow
 75709 | Depths:3 | CougarLife: -8 corr
 75709 | Depths:3 | sleeves: i might be able to kill it
 75709 | Depths:3 | CougarLife: -8
 75709 | Depths:3 | CougarLife: ur weapon aint doin shit
 75709 | Depths:3 | Killed a caustic shrike
 75710 | Depths:3 | Reached skill level 18 in Armour
 75710 | Depths:3 | CougarLife: no fucking way
 75710 | Depths:3 | HP: 58/194 [hell knight/+5 vorpal glaive (28)]
 75711 | Depths:3 | CougarLife: did you just jav it?
 75711 | Depths:3 | CougarLife: and it died in one?
 75713 | Depths:3 | sleeves: no it was wand of ligh
 75714 | Depths:3 | CougarLife: oh wtf
 75715 | Depths:3 | CougarLife: have you lvled evo?
 75715 | Depths:3 | HP: 47/194 [hell knight/+5 vorpal glaive (2)]
 76059 | Depths:3 | sleeves: no but that think is op as hell
 76067 | Depths:3 | CougarLife: wtf
 76240 | Depths:3 | CougarLife: YOUR UNLEVELED EVO WAND OF LIGHT JUST DID >50%
                  | OF A SHRIKES HP?
 76255 | Depths:3 | sleeves: it has like no ev or anything
 76255 | Depths:3 | sleeves: it was about to die
 76255 | Depths:3 | CougarLife: ok but
 76350 | Depths:3 | CougarLife: it had lik 60-65% hp
 76365 | Depths:3 | CougarLife: it wasnt about to die lol
 76377 | Depths:3 | CougarLife: also that wand shot 1 shot it
 76377 | Depths:3 | sleeves: it was literally about to die
 76377 | Depths:3 | sleeves: its hp was red
 76377 | Depths:3 | sleeves: and like less than 25%
 76378 | Depths:3 | Reached skill level 4 in Necromancy
 76514 | Depths:4 | Entered Level 4 of the Depths
 76545 | Depths:3 | CougarLife: whats necro at after that floor
 76864 | Depths:4 | Gained mutation: Your demonic aura causes all spilled blood
                  | to erupt in flames. [demonic ancestry]
 76864 | Depths:4 | Reached XP level 24. HP: 203/203 MP: 37/37
 76946 | Depths:4 | Reached skill level 5 in Necromancy
 77040 | Depths:4 | CougarLife: alright 5 am
 77089 | Depths:4 | CougarLife: i gotta bed
 77089 | Depths:4 | CougarLife: gn chief
 77089 | Depths:4 | sleeves: alright see ya
 77089 | Depths:4 | CougarLife: gl on ur run
 77091 | Depths:4 | sleeves: ty
 77153 | Depths:4 | Found a gate to the Realm of Zot.
 77163 | Depths:4 | Noticed a juggernaut
 77179 | Depths:4 | HP: 101/203 [juggernaut (42)]
 77553 | Depths:4 | Reached skill level 20 in Fighting
 77576 | Depths:4 | Reached skill level 6 in Necromancy
 77692 | Depths:4 | Found a one-way gateway to a ziggurat.
 77713 | Depths:4 | Reached skill level 19 in Armour
 77787 | Depths:4 | Found a shadowy altar of Dithmenos.
 77792 | Depths:4 | Identified the ring "Hudwa" {rN+ Will+ Str+7 Int-5}
 77933 | Depths:4 | Killed a juggernaut
 77934 | Depths:4 | Reached skill level 7 in Necromancy
 78893 | Crypt:1  | Entered Level 1 of the Crypt
 78999 | Crypt:1  | Reached skill level 8 in Necromancy
 79202 | Crypt:1  | Reached skill level 9 in Necromancy
 79584 | Crypt:1  | Reached skill level 10 in Necromancy
 80268 | Crypt:2  | Found a magical portal.
 80288 | WizLab   | Entered The Hall of the Hellbinder
 80398 | WizLab   | Reached skill level 11 in Necromancy
 80652 | WizLab   | Identified the +7 lajatang of Ninaloeherch {vamp, *Slow
                  | rElec rPois MP+9}
 81040 | WizLab   | Gained mutation: You sometimes lose your temper in combat.
                  | [a cacodemon]
 81348 | WizLab   | Got the Collected Works on Generation
 81372 | WizLab   | Identified the +7 demon blade of the Fool {venom, rPois
                  | Stlth+}
 81384 | WizLab   | Found a burning altar of Makhleb.
 81494 | Crypt:2  | Reached skill level 12 in Necromancy
 81501 | Crypt:2  | HP: 99/204 [jiangshi[a curse skull] (6)]
 81971 | Crypt:2  | Found a runed translucent gate.
 81971 | Crypt:2  | Found a runed translucent gate.
 81975 | Crypt:2  | Found a runed translucent gate.
 81975 | Crypt:2  | Noticed Osipn's ghost (veteran MiGl)
 81977 | Crypt:2  | Found the +13 scythe of Curses {drain, Drain}
 82057 | Crypt:2  | Got the Monograph on Assembled Toxins
 82428 | Crypt:2  | Found the +6 Majin-Bo {vamp, MP+6 Int+6}
 82720 | Crypt:2  | Found an iron altar of Okawaru.
 82762 | Crypt:3  | Entered Level 3 of the Crypt
 82770 | Crypt:3  | Reached skill level 13 in Necromancy
 82913 | Crypt:3  | HP: 89/204 [flayed ghost/flay_damage (28)]
 83753 | Crypt:3  | Reached skill level 14 in Necromancy
 84135 | Crypt:3  | Found a staircase to the Tomb.
 84548 | Crypt:3  | Reached skill level 15 in Necromancy
 84607 | Crypt:3  | Reached XP level 25. HP: 210/210 MP: 37/37
 84648 | Crypt:3  | Found an ancient bone altar of Kikubaaqudgha.
 84698 | Crypt:3  | Noticed Jory
 84712 | Crypt:3  | Killed Jory
 84874 | Crypt:3  | Reached skill level 16 in Necromancy
 85292 | Crypt:3  | Identified the ring "Muum" {Will+ rCorr Str-2 Stlth+}
 85769 | Crypt:2  | HP: 142/315 [Osipn's ghost (25)]
 85773 | Crypt:2  | Killed Osipn's ghost
 86051 | Crypt:2  | Reached skill level 17 in Necromancy
 86062 | Crypt:2  | Identified the +1 scale mail of the Saviour {Harm rN+}
 86320 | D:14     | Bought a scroll of brand weapon for 161 gold pieces
 86453 | Orc:2    | Bought a scroll of teleportation for 51 gold pieces
 86453 | Orc:2    | Bought a scroll of brand weapon for 161 gold pieces
 86453 | Orc:2    | Bought a scroll of blinking for 127 gold pieces
 86471 | Orc:2    | Bought a potion of heal wounds for 70 gold pieces
 86471 | Orc:2    | Bought a scroll of blinking for 105 gold pieces
 86490 | Orc:2    | Bought a scroll of teleportation for 81 gold pieces
 87106 | Lair:4   | Found a viscous altar of Jiyva.
 87106 | Lair:4   | Found a staircase to the Slime Pits.
 87558 | Lair:5   | Entered Level 5 of the Lair of Beasts
 87562 | Lair:5   | Reached skill level 1 in Transmutations
 87640 | Lair:5   | Reached skill level 2 in Transmutations
 87779 | Lair:5   | Identified the +1 quarterstaff "Wir Kios" {speed, rElec
                  | Dex+5 Stlth-}
 87925 | Lair:5   | Reached skill level 3 in Transmutations
 88506 | Slime:1  | Entered Level 1 of the Pits of Slime
 88536 | Slime:1  | Reached skill level 4 in Transmutations
 89054 | Slime:2  | You fall into a shaft and drop 2 floors!
 89243 | Slime:3  | Reached skill level 5 in Transmutations
 89248 | Slime:3  | Reached skill level 18 in Necromancy
 90413 | Slime:4  | Reached skill level 6 in Transmutations
 91062 | Slime:5  | Entered Level 5 of the Pits of Slime
 91206 | Slime:5  | Gained mutation: You occasionally shout uncontrollably at
                  | your foes. [a shining eye]
 91207 | Slime:5  | Gained mutation: You are weak. (Str -2) [a shining eye]
 91209 | Slime:5  | Gained mutation: You are dopey. (Int -2) [a shining eye]
 91770 | Slime:5  | Found a viscous altar of Jiyva.
 91785 | Slime:5  | Noticed the Royal Jelly
 91813 | Slime:4  | Reached skill level 7 in Transmutations
 91860 | Slime:5  | Killed the Royal Jelly
 91888 | Slime:4  | HP: 102/210 [rockslime[the Royal Jelly] (14)]
 92956 | Slime:5  | Gained mutation: You are frail. (-10% HP) [a shining eye]
 92965 | Slime:5  | Found the +14 obsidian axe {vorpal, Mesm Drain Fly SInv}
 92991 | Slime:5  | Reached skill level 19 in Necromancy
 93016 | Slime:5  | Identified the ring "Kilal" {Fly rN++ rCorr EV+4 Str+4}
 93054 | Slime:5  | Identified the +1 scale mail "Xumpy" {Str+3 Int+4}
 93062 | Slime:5  | Identified the ring of Qolla {rF- rC+ Int+5 SInv Stlth+}
 93142 | Slime:5  | Got a slimy rune of Zot
 93146 | Slime:5  | Identified the +1 robe "Hudunuawk" {rF- rN++}
 93266 | Lair:4   | Lost mutation: You sometimes lose your temper in combat.
                  | [potion of mutation]
 93266 | Lair:4   | Lost mutation: You occasionally shout uncontrollably at
                  | your foes. [potion of mutation]
 93266 | Lair:4   | Gained mutation: Your magical capacity is low. (-10% MP)
                  | [potion of mutation]
 93266 | Lair:4   | Lost mutation: You are dopey. (Int -2) [potion of mutation]
 93266 | Lair:4   | Gained mutation: You are covered in fur. (AC +1) [potion of
                  | mutation]
 93267 | Lair:4   | Lost mutation: Your magical capacity is low. (-10% MP)
                  | [potion of mutation]
 93267 | Lair:4   | Lost mutation: You do not regenerate when monsters are
                  | visible. [potion of mutation]
 93267 | Lair:4   | Lost mutation: You are weak. (Str -2) [potion of mutation]
 93267 | Lair:4   | Gained mutation: You have a pair of small antennae on your
                  | head. [potion of mutation]
 93267 | Lair:4   | Gained mutation: You are very frail. (-20% HP) [potion of
                  | mutation]
 93268 | Lair:4   | Lost mutation: You have large cloven feet. [potion of
                  | mutation]
 93268 | Lair:4   | Lost mutation: You are covered in fur. (AC +1) [potion of
                  | mutation]
 93268 | Lair:4   | Lost mutation: You are very frail. (-20% HP) [potion of
                  | mutation]
 93268 | Lair:4   | Gained mutation: You expend magic power (3 MP) to
                  | strengthen your wands. [potion of mutation]
 93268 | Lair:4   | Gained mutation: You have supernaturally acute eyesight.
                  | (SInv) [potion of mutation]
 93614 | Zot:1    | Entered Level 1 of the Realm of Zot
 93614 | Zot:1    | Noticed an ancient lich
 93638 | Depths:4 | HP: 41/189 [ancient lich/crystal spear (113)]
 93643 | Depths:4 | Killed an ancient lich
 93967 | Zot:1    | Reached skill level 8 in Transmutations
 94171 | Zot:1    | Noticed a dread lich
 94191 | Zot:1    | Killed a dread lich
 94192 | Zot:1    | Gained mutation: You are completely covered in sharp
                  | spines. [demonic ancestry]
 94192 | Zot:1    | Reached XP level 26. HP: 196/196 MP: 37/37
 94596 | Zot:1    | Reached skill level 9 in Transmutations
 94788 | Zot:1    | HP: 98/196 [poisoned by a green draconian]
 94793 | Zot:1    | HP: 92/196 [poisoned by a red draconian scorcher]
 94798 | Zot:1    | HP: 82/196 [poisoned by a red draconian scorcher]
 94803 | Zot:1    | HP: 79/196 [poisoned by a red draconian scorcher]
 95566 | Zot:2    | Reached skill level 20 in Necromancy
 95609 | Zot:2    | HP: 90/182 [shadow dragon/bolt of negative energy (18)]
 95619 | Zot:2    | HP: 132/273 [shadow dragon/bolt of negative energy (9)]
 95624 | Zot:2    | Reached skill level 10 in Transmutations
 95628 | Zot:2    | HP: 134/274 [shadow dragon (8)]
 95633 | Zot:2    | HP: 87/179 [shadow dragon (3)]
 96485 | Zot:2    | Noticed an orb of fire
 96491 | Zot:2    | Gained mutation: You are occasionally teleported next to
                  | monsters. [an orb of fire]
 96503 | Zot:2    | HP: 89/180 [death cob (23)]
 96510 | Zot:2    | HP: 67/180 [white draconian/+0 halberd[a purple draconian
                  | shifter] (9)]
 96517 | Zot:1    | HP: 60/180 [white draconian/blast of cold[a purple
                  | draconian shifter] (3)]
 96798 | Zot:1    | Lost mutation: You have a pair of small antennae on your
                  | head. [potion of mutation]
 96798 | Zot:1    | Lost mutation: You have supernaturally acute eyesight.
                  | (SInv) [potion of mutation]
 96798 | Zot:1    | Lost mutation: You are occasionally teleported next to
                  | monsters. [potion of mutation]
 96798 | Zot:1    | Gained mutation: Potions are less effective at restoring
                  | your health. [potion of mutation]
 97189 | Zot:2    | Killed an orb of fire
 97216 | Zot:2    | HP: 98/196 [poisoned by a green draconian monk (blast of
                  | poison)]
 97452 | Zot:2    | Reached skill level 11 in Transmutations
 97705 | Zot:2    | Reached skill level 21 in Necromancy
 98559 | Depths:3 | Bought the +12 fire dragon scales of Faero {rF++ rC- MP+9}
                  | for 1817 gold pieces
 98901 | Zot:3    | HP: 98/196 [poisoned by a green draconian (blast of
                  | poison)]
 98905 | Zot:3    | Reached skill level 3 in Spellcasting
 98907 | Zot:3    | HP: 93/196 [poisoned by a green draconian (blast of
                  | poison)]
 99562 | Zot:3    | Reached skill level 4 in Spellcasting
100368 | Zot:4    | Reached skill level 5 in Spellcasting
100798 | Zot:4    | HP: 92/196 [black draconian knight/+1 battleaxe of
                  | freezing[a yellow draconian annihilator] (22)]
100803 | Zot:4    | Reached skill level 6 in Spellcasting
100832 | Zot:4    | HP: 97/196 [tentacled monstrosity (3)]
101165 | Zot:4    | Gained mutation: Your movements are significantly less
                  | encumbered by armour. (ER -6) [demonic ancestry]
101165 | Zot:4    | Reached XP level 27. HP: 173/201 MP: 37/37
101301 | Zot:4    | Reached skill level 20 in Armour
101802 | Zot:5    | Entered Level 5 of the Realm of Zot
101819 | Zot:5    | Reached skill level 7 in Spellcasting
102348 | Zot:5    | Reached skill level 8 in Spellcasting
102632 | Zot:5    | HP: 88/201 [red draconian scorcher/damnation (22)]
102655 | Zot:5    | HP: 89/201 [black draconian knight/bolt of lightning[a red
                  | draconian scorcher] (9)]
103363 | Zot:5    | Noticed a dread lich
103374 | Zot:5    | HP: 95/201 [???[a dread lich] (26)]
103380 | Zot:5    | HP: 70/201 [black draconian/bolt of lightning[a yellow
                  | draconian annihilator] (11)]
103729 | Zot:4    | Killed a dread lich
103791 | Zot:5    | Reached skill level 9 in Spellcasting
103901 | Zot:5    | Noticed a dread lich
103928 | Zot:5    | Killed a dread lich
104119 | Zot:5    | Noticed a dread lich
104705 | Zot:5    | Noticed an ancient lich
104804 | Zot:5    | Killed an ancient lich
104805 | Zot:5    | Reached skill level 21 in Armour
104962 | Zot:5    | Reached skill level 10 in Spellcasting
105197 | Zot:5    | HP: 94/201 [electric golem/bolt of lightning (12)]
105805 | Zot:5    | Paralysed by a dread lich for 4 turns
105811 | Zot:5    | Killed a dread lich
106080 | Zot:5    | HP: 92/198 [shadow dragon/bolt of negative energy (7)]
106674 | Zot:5    | Noticed an orb of fire
106684 | Zot:5    | HP: 86/201 [orb of fire/fireball (19)]
106686 | Zot:5    | Gained mutation: You are weak. (Str -2) [an orb of fire]
106689 | Zot:5    | Killed an orb of fire
106959 | Zot:5    | Noticed an orb of fire
107472 | Zot:5    | Killed an orb of fire
107806 | Zot:5    | Reached skill level 11 in Spellcasting
108085 | Zot:5    | Got the Orb of Zot
108850 | D:$      | Escaped with the Orb!

Illustrated notes

Levels and vault maps discovered:
D:1:      dpeg_arrival_brainrot, layout_basic
D:2:      layout_rooms, hellmonk_ecumenical_altar_prayer_group, serial_shops,
          nicolae_shop_crystal, shop, nicolae_shop_crystal,
          nicolae_shop_temple_entry_statues_fountains, shop, uniq_natasha,
          uniq_terence
D:3:      layout_basic
D:4:      layout_loops_ring, elyvilon_altar_4,
          mainiacjoe_overflow_six_doors_small, uniq_crazy_yiuf_cottage,
          uniq_ijyb
D:5:      layout_loops_cross, ebering_ghost_sewer_f
D:6:      layout_basic, minmay_temple_entry_statues,
          cheibrodos_sewer_entry_sluice, st_stairs_5, dk_vineyard_3,
          uniq_menkaure
D:7:      minmay_the_grid_octo_triangle [minmay_the_grid_octo_fan_narrow,
          minmay_the_grid_octo_prize_big_c,
          minmay_the_grid_octo_vomiting_pacman], layout_basic,
          pdpol_temple_overflow_zin_treasury_gozag_greed,
          lemuel_coloured_pillars_altar
D:8:      layout_basic, kennysheep_mini_moat, serial_shops, shop,
          minmay_crystal_room, eino_jars
D:9:      layout_loops_corners, chequers_temple_overflow_statue_of_worship
D:10:     layout_cave_pods, serial_park, serial_park_square1
          [serial_park_minivault_5x5_4], serial_park_square1
          [serial_park_minivault_5x5_8], serial_park_square3
          [serial_park_minivault_5x5_6], serial_park_square1
          [serial_park_minivault_5x5_1]
D:11:     cheibrodos_magma_flow, layout_loops_cross, minmay_lair_entry_grove,
          enter_trove_3, serial_bayou_crossing, uniq_nergalle
D:12:     layout_loops_ring, orc_david_3, worldfamousw_hep_ancestral_shrine
D:13:     layout_irregular_city, uniq_rupert, uniq_kirke
D:14:     layout_basic, david_vaults_4, roderic_serpentine_path, serial_shops,
          shop
D:15:     grunt_enter_depths_snipers, layout_cave_pools,
          ebering_ghost_funeral_grove, library_closet,
          nicolae_shop_dragon_depot, minmay_hollow_rounded_squares,
          uniq_roxanne, uniq_josephine
Temple:   nicolae_temple_ecumenical_triangle
Lair:1:   layout_misc_corridors, serial_rivers, chequers_serial_rivers_small_3,
          chequers_serial_rivers_marsh, chequers_serial_rivers_large_b,
          chequers_serial_rivers_micro_d
Lair:2:   layout_misc_corridors, elwin_shoals_entry_stream, dummy_spider_entry,
          nicolae_quartered_pool_medium, serial_bayou_shore_a,
          grunt_megastairs_3, serial_bayou_shore_b
Lair:3:   layout_big_grid
Lair:4:   layout_small_grid, dpeg_slime_entry_enclosed, gauntlet_entry_generic,
          nicolae_lair_grazing_beasts [nicolae_sub_lair_graze_edge,
          nicolae_sub_lair_graze_edge, nicolae_sub_lair_graze_edge,
          nicolae_sub_lair_graze_edge]
Lair:5:   evilmike_catoblepas_cave, layout_hall_layers, st_stairs_6,
          infiniplex_staircase_pool
Shoals:1: layout_shoals
Shoals:2: layout_shoals, uniq_ilsuiw, uniq_polyphemus
Shoals:3: cheibrodos_shoals_satyrical_garden, layout_shoals
Shoals:4: shoals_end_grunt_ice, layout_shoals, shoal_ilsuiw, serial_shops,
          nicolae_shop_waterfront, portal_ice_cave_entry_ice_simulacra,
          uniq_louise
Spider:1: layout_spider_delve
Spider:2: nicolae_spider_hilbert_zone_3 [nicolae_spider_hilbert_4_sides_2_open,
          nicolae_spider_hilbert_3_sides_1_open,
          nicolae_spider_hilbert_3_sides_1_open,
          nicolae_spider_hilbert_3_sides_1_open,
          nicolae_spider_hilbert_3_sides_1_open,
          nicolae_spider_hilbert_4_sides_1_open,
          nicolae_spider_hilbert_4_sides_1_open,
          nicolae_spider_hilbert_4_sides_1_open,
          nicolae_spider_hilbert_4_sides_1_open,
          nicolae_spider_hilbert_4_sides_1_open,
          nicolae_spider_hilbert_4_sides_1_open,
          nicolae_spider_hilbert_4_sides_1_open,
          nicolae_spider_hilbert_4_sides_1_open,
          nicolae_spider_hilbert_3_sides_1_open,
          nicolae_spider_hilbert_3_sides_1_open,
          nicolae_spider_hilbert_3_sides_1_open,
          nicolae_spider_hilbert_3_sides_1_open], uniq_arachne, uniq_mlioglotl
Spider:3: layout_spider_delve
Spider:4: spider_rune_water, special_room, uniq_donald, uniq_asterion
Slime:1:  layout_caves, cheibrodos_slime_lost_civilization_4
Slime:2:  layout_caves
Slime:3:  layout_caves
Slime:4:  layout_caves, cheibrodos_slime_lost_civilization_5
Slime:5
Orc:1:    layout_caves
Orc:2:    hellmonk_orc_salted, layout_caves, gammafunk_ghost_split
Elf:1:    layout_geoelf_diagonals, serial_shops,
          nicolae_shop_bloodbath_and_beyond, minivault_28, item_on_display_a
Elf:2:    elven_hall_of_blades_hangedman_alternative
          [nicolae_blade_entry_sentries_behind_glass], layout_rooms,
          serial_shops, nicolae_stop_n_shop_1, minmay_elf_sorcery
Elf:3:    grunt_elf_hall_asides, layout_loops_cross, serial_shops, shop,
          nicolae_shop_hallway_plus, nicolae_shop_trees, drop_trap,
          nicolae_elf_big_sculpture_2, kb_rosetta
Vaults:1: nicolae_vaults_back_hallway, v_misc_1, vaults_dpeg_emergency_exit,
          vaults_room_pools, v_misc_26, vaults_mumra_hexcomb,
          ontoclasm_vaults_gateway, v_pattern_5,
          nicolae_vaults_stairing_the_circle, v_alt_pattern_6,
          nicolae_vaults_bisected_inception, vaults_dpeg_spiral,
          nicolae_vaults_shelves_hall, vaults_room_fancy_cross,
          layout_vaults_omnibox, uniq_aizul, uniq_saint_roka
Vaults:2: minmay_crypt_entry_necro_gods, nicolae_vaults_ring_of_whatevers,
          nicolae_vaults_asterisk, vaults_room_corners, st_squares,
          vaults_dpeg_ring, vaults_room_pools, nicolae_vaults_little_squares_2,
          v_misc_26, nicolae_vaults_windows_and_doors_thing,
          nicolae_vaults_shelves_hall, v_alt_pattern_3, layout_vaults_big_room,
          serial_shops, shop_statue, uniq_margery, uniq_mennas
Vaults:3: v_rooms_4, hangedman_vaults_locks, nicolae_vaults_fighting_squares,
          v_misc_14, nicolae_vaults_ninety_degrees, nicolae_vaults_asterisk,
          v_misc_10, nicolae_vaults_gold_heap, v_misc_31, ontoclasm_vaults_chip,
          layout_vaults_omnigrid, uniq_mara
Vaults:4: portal_desolation_entry_nicolae_nacl, vaults_dpeg_cross,
          vaults_room_fours, nicolae_vaults_inception_scallops, v_misc_29,
          nicolae_vaults_twisting_passages, hangedman_vaults_restitches,
          hangedman_vaults_cutoff, nicolae_vaults_big_ls, v_misc_17,
          ontoclasm_vaults_tryst, ontoclasm_vaults_pinch,
          nicolae_vaults_little_squares_6, vaults_dpeg_hooks, st_greater_box_5,
          layout_vaults_maze_bifur, uniq_frederick
Crypt:1:  layout_chaotic_city, grunt_megastairs_2, grunt_crypt_arrival_split
Crypt:2:  minmay_guarded_unrand_majin_bo, layout_catacombs, mu_enter_wizlab_2,
          gammafunk_ghost_fury_of_okawaru
Crypt:3:  church_of_pain_bobbens, layout_chaotic_city,
          nicolae_tomb_entry_rubble_hallway
Depths:1: layout_forbidden_donut, serial_rivers, chequers_serial_rivers_micro_d,
          chequers_serial_rivers_small_a, chequers_serial_rivers_small_a,
          chequers_serial_rivers_large_a, hell_entry, pan_entry, minmay_holes,
          abyss_entry_crystal, evilmike_butchery
Depths:2: hangedman_screamer, layout_cross, abyss_entry, rand_demon_pan_entry_7,
          hell_entry, gammafunk_ghost_crypt, infiniplex_staircase_pool_2
Depths:3: evilmike_hourglass, layout_cave_shapes, serial_shops, shop_coins,
          hangedman_geh_valley, rand_demon_pan_entry_1,
          hangedman_abyss_entry_splay, firewood_loft, minmay_shop_grove,
          infiniplex_staircase_x
Depths:4: grunt_zot_entry_pinwheel, layout_cave_pools, enter_ziggurat_b,
          chequers_serial_rivers_micro_b, grunt_hell_entry_dis_mu,
          grunt_dithmenos_smoke_and_mirrors
Zot:1:    hangedman_snap_crack_crunch, layout_onion_interference
Zot:2:    layout_gridlike
Zot:3:    layout_concentric_octagons, st_stairs_13
Zot:4:    layout_basic
Zot:5:    layout_basic, nicolae_zot_crop_circle

Skill      XL: |  1  2  3  4  5  6  7  8  9 10 11 12 13 14 15 16 17 18 19 20 21 22 23 24 25 26 27 |
---------------+----------------------------------------------------------------------------------+-----
Polearms       | 3 4 5 6 9 11 12 14 15 16 | 16.0
Fire Magic     | 3 |  3.5
Spellcasting   | 2 6 11 | 11.6
Shields        | 2 4 5 6 8 9 11 12 15 | 15.0
Armour         | 2 6 8 10 11 12 13 14 15 18 19 21 | 21.7
Fighting       | 5 8 12 13 15 16 17 18 19 20 | 20.0
Dodging        | 2 6 8 12 13 14 15 | 15.0
Invocations    | 4 8 12 13 15 16 18 20 | 20.0
Throwing       | 7 10 12 14 16 18 | 18.0
Necromancy     | 4 15 19 21 | 21.3
Transmutations | 8 11 | 11.8

Action                   |  1- 3 |  4- 6 |  7- 9 | 10-12 | 13-15 | 16-18 | 19-21 | 22-24 | 25-27 || total
-------------------------+-------+-------+-------+-------+-------+-------+-------+-------+-------++-------
Melee: Spear             |   124 |   270 |   351 |       |       |       |       |       |       ||   745
       Touch             |     8 |    11 |       |       |       |       |       |       |       ||    19
       Punch             |       |     2 |       |       |       |       |       |       |       ||     2
       Trident           |       |       |   112 |  1091 |    75 |       |       |       |       ||  1278
       Demon trident     |       |       |       |       |  1223 |  1365 |  1713 |  2428 |  2559 ||  9288
Throw: Throwing net      |       |       |       |     1 |     1 |       |       |       |       ||     2
       Boomerang         |       |       |       |       |       |     3 |       |   335 |   151 ||   489
       Javelin           |       |       |       |       |       |       |       |     7 |    46 ||    53
 Cast: Death Channel     |       |       |       |       |       |       |       |       |    10 ||    10
Invok: Foxfire Swarm     |       |     2 |     1 |       |       |       |       |       |       ||     3
       Fiery Armour      |       |     1 |     3 |     1 |     2 |       |       |       |       ||     7
       Greater Servant o |       |       |       |       |       |       |     2 |       |     5 ||     7
 Abil: Hurl Damnation    |       |       |       |       |       |       |       |    42 |    35 ||    77
Evoke: Wand              |       |       |     7 |    19 |    21 |     2 |       |     4 |     2 ||    55
       Phantom mirror    |       |       |       |       |     2 |     1 |     2 |       |     2 ||     7
       Box of beasts     |       |       |       |       |     1 |       |       |       |       ||     1
  Use: Scroll            |       |       |     8 |     7 |    29 |    19 |     7 |    10 |    24 ||   104
       Potion            |       |       |       |     4 |     7 |     7 |     4 |     4 |    15 ||    41
 Stab: Sleeping          |       |       |     1 |     1 |       |       |       |       |       ||     2
       Distracted        |       |       |       |     1 |     1 |     2 |       |       |     4 ||     8
       Paralysed         |       |       |       |       |     7 |       |       |       |       ||     7
       Petrified         |       |       |       |       |       |     5 |       |       |     3 ||     8
       Invisible         |       |       |       |       |       |     8 |       |       |       ||     8
       Petrifying        |       |       |       |       |       |       |       |     1 |     1 ||     2
Armor: Robe              |    21 |       |       |       |       |       |       |       |       ||    21
       Scale mail        |    12 |    89 |    98 |   259 |   153 |       |       |       |       ||   611
       Ring mail         |       |       |    33 |   116 |       |       |       |       |       ||   149
       Gold dragon scale |       |       |       |       |   365 |   559 |   356 |   560 |   896 ||  2736
       Fire dragon scale |       |       |       |       |       |       |       |       |     9 ||     9
Dodge: Dodged            |    37 |   134 |   233 |   478 |   448 |   336 |   272 |   392 |   527 ||  2857
Block: Buckler           |       |    19 |    86 |   145 |   424 |   106 |       |       |       ||   780
       Reflection        |       |       |       |       |    15 |    53 |    74 |    47 |    25 ||   214
       Kite shield       |       |       |       |       |       |   528 |   902 |  1227 |  1438 ||  4095
